Workbook

Sheet 目次
A1: 2026年3月期 株式会社ワコールホールディングス
B2: 最終更新日 | C2: 46324
A4: 方針・戦略
A5: ワコールグループのマテリアリティ(重要課題)
A6: 環境 | B6: 社会 | C6: ガバナンス
A7: 【環境】次世代に向けた地球環境の保全 | B7: 【社会】すべての人が自分らしく活躍できる社会の実現 | C7: 【ガバナンス】持続的成長の実現に向けたガバナンスの強化
A8: E-1 方針・取組み | B8: S-1 方針・取組み | C8: G-1 方針・取組み
A9: E-2 温室効果ガス排出量（スコープ1・2）の推移 | B9: S-2 CSR調達活動（取組みの変遷） | C9: G-2 コーポレート・ガバナンス（取組みの変遷）
A10: E-3 温室効果ガス排出量（スコープ3） の推移 | B10: S-3 CSR調達活動（自己評価のモニタリング結果） | C10: G-3 社外役員比率
A11: E-4 エネルギー使用量の推移 | B11: S-4 CSR調達活動（現地監査の実施状況） | C11: G-4 取締役会及び任意の委員会の活動状況
A12: E-5 水関連データの推移 | B12: S-5 製造委託先工場／主な原材料仕入先及び染色工場リスト | C12: G-5 監査役会の活動状況
A13: E-6 廃棄物量・リサイクル量の推移 | B13: S-6 社会貢献活動 | C13: G-6 役員報酬
A14: E-7 製品廃棄率の推移 | B14: 【従業員】従業員ひとりひとりの成長と、働きがいの高い組織の構築 | C14: G-7 政策保有株式の銘柄数及び貸借対照表計上額
A15: E-8 リサイクル素材など温室効果ガス排出量の少ない素材の使用率 | B15: S-7 従業員数 | C15: G-8 ROIC
A16: E-9 ブラリサイクル活動の推移 | B16: S-8 従業員の概要 | C16: G-9 事業利益率
B17: S-9 管理職に占める女性労働者の割合 | C17: G-10 従業員向けコンプライアンス研修
B18: S-10 管理職に占める女性労働者の割合（部長級以上） | C18: G-11 従業員向けホットライン相談件数
B19: S-11 労働者の男女の賃金の額の差異 | C19: G-12 知的財産権保有件数
B20: S-12 労働者の男女の賃金の額の差異（職種別）
B21: S-13 採用状況
B22: S-14 障がい者の雇用状況
B23: S-15 再雇用状況
B24: S-16 退職の状況
B25: S-17 就業制度の利用状況
B26: S-18 育児・看護・介護に関する就業制度の利用状況
B27: S-19 男性労働者の育児休業取得率
B28: S-20 従業員の健康に関するデータ
B29: S-21 従業員エンゲージメント調査
B30: S-22 従業員の成長支援（育成）
B31: S-23 従業員の成長支援（キャリア形成）
... B37: S-28 お客様の声データ

Sheet マテリアリティ
A1: ワコールグループのマテリアリティ(重要課題) | G1: 目次に戻る
A3: ターゲット | B3: 番号 | C3: マテリアリティ | D3: 2030年までのKPI項目 | E3: 2030年の目標値 | F3: 26/3期の実績
A4: 【顧客】 顧客への提供価値の 最大化 | B4: 1 | C4: パーソナライゼーションの追求に よる顧客体験価値の向上 | D4: ワコールグループとつながりを持つ顧客数の拡大 | E4: ワコールメンバーズアクティブ会員数：260万人（構成比45%） | F4: 220万人（構成比40%）
B5: 2 | C5: 事業領域拡大への挑戦 | D5: 事業成長と収益力の向上 | E5: 既存事業における新領域の売上高：2,220百万円 | F5: ２２０百万円
E6: 新規事業の売上高：2,000百万円 | F6: 310百万円
E7: EC売上比率：日本29％、米国67％、欧州45％、中国39% | F7: 日本21％、米国50％、欧州38％、中国25%
D8: 海外での事業拡大 | E8: 海外主要国の売上収益：米国396億円、欧州428億円、中国86憶円 | F8: 米国240億円、欧州307億円、中国75憶円
B9: 3 | C9: 商品品質の深化と サービス品質の構築 | D9: 商品品質の継続的な監視と改善活動の実施 | E9: モノづくり関連部門の品質活動実施率100％維持及び品質啓蒙活動の継続実施 | F9: 品質活動実施率100％及び品質啓蒙活動の継続＊
A10: 【従業員】 従業員ひとりひとりの 成長と、働きがいの 高い組織の構築 | B10: 4 | C10: 自らの可能性を広げ、自信と誇りを持ち活躍できる人材への成長 | D10: 熱意を持ってチャレンジできる人材育成と環境の整備 | E10: エンゲージメント調査結果「成長の機会」のポジティブ回答率：50％以上 | F10: 0.294
B11: 5 | C11: 共創・協業による高い成果を 発揮できる組織づくり | D11: 多様な立場の人が協力できる労働環境の整備 | E11: エンゲージメント調査結果「協力体制」のポジティブ回答率：80％以上 | F11: 0.669
D12: 会社のあるべき姿や使命を明確にして行動できる従業員の増加 | E12: エンゲージメント調査結果「ビジョンへの共感」のポジティブ回答率：80％以上 | F12: 0.665
B13: 6 | C13: 継続的な従業員の健康増進と 健康意識の向上 | D13: 「生産性」「心身の健康」の向上 | E13: 疾病による総休業日数（アブセンティーズムの改善）：20,000日以下 | F13: 27,368日
D14: 健康への理解力（リテラシー）の向上 | E14: 生活習慣改善に関する行動変容の意志ありの割合：80％以上 | F14: 0.71
A15: 【環境】 次世代に向けた 地球環境の保全 | B15: 7 | C15: 環境負荷を低減する 事業活動の推進 | D15: CO2排出量の削減 | E15: 自社排出量（Scope１＆２）：2020年３月期比30％以上削減 ＜対象：国内事業所・工場・流通センター＞ | F15: 23%削減
E16: サプライチェーン排出量（Scope３）：2020年３月期比20％削減 ＜対象：ワコール事業（国内）＞ | F16: 43%削減
D17: 製品廃棄率の低下 | E17: 製品廃棄：ゼロ＜対象：㈱ワコール＞ | F17: 0.005
D18: 環境配慮型素材の使用率向上 | E18: 環境配慮型素材の使用比率：30％以上＜対象：㈱ワコール＞ | F18: 0.23
A19: 【社会】 すべての人が 自分らしく活躍できる 社会の実現 | B19: 8 | C19: 社会課題を解決する 共創イノベーションの推進 | D19: 人権デュー・ディリジェンスの構築・実施、人権教育の推進 | E19: 人権デュー・ディリジェンスの着実な推進を目指した人権教育の受講率：100% | F19: 0.987
D20: CSR調達活動の対象範囲拡大 | E20: 原材料メーカー及び染色工場を対象としたCSR調達現地監査の実施 | F20: 実施時期検討中
A21: 【ガバナンス】 持続的成長の 実現に向けた ガバナンスの強化 | B21: 9 | C21: 透明性の高い経営の実践 | D21: 取締役会の機能発揮と多様性確保 | E21: 社外役員比率：50％以上 | F21: 0.61538462
B22: 10 | C22: リスクマネジメント体制の強化 | D22: コンプライアンス意識向上のための啓発活動を実施 | E22: e-ラーニング受講率：100％ | F22: 0.978
B23: 11 | C23: 収益性、資本効率の継続的改善 | D23: 成長の実現に向けた事業ポートフォリオマネジメントの実行 | E23: ROICの達成：6.5％以上 | F23: 0.059
E24: 事業利益率の達成：6.0％ | F24: -0.003
A26: ＊品質保証活動として品質保証審議会を年間4回、品質管理委員会を年間65回実施、教育活動として品質月間を年間１回開催

Sheet E-1
A1: 環境データ | D1: 目次に戻る
A3: E-1 方針・取組み
B4: 方針・取組み | C4: 出典
A5: 1 | B5: ワコールグループ環境方針 | C5: https://www.wacoalholdings.jp/sustainability/files/environmental_policy.pdf
A6: 2 | B6: 倫理規範 （１）誠実かつ倫理的な業務活動（利益相反行為の取扱いを含む。） （２）人権の尊重 (3)環境との調和 (4)社会との調和（外部への開示と伝達を含む。） (5)法令の遵守および国際行動規範の尊重 | C6: https://www.wacoalholdings.jp/group/files/compliance_ehics.pdf
A7: 3 | B7: 企業倫理・ワコールの行動指針 （１）お客さまとの相互信頼 （２）人権の尊重 (3)環境負荷の低減 (4)法令遵守 (5)公正な取引関係 (6)安全、清潔、快適な職場環境 (7)適正な情報開示 (8)適切な情報の保護と管理 (9)会社資産の保護 (10)反社会的勢力の排除 (11)最後に | C7: https://www.wacoalholdings.jp/group/files/compliance_action.pdf
A8: 4 | B8: CSR 基本方針 （１）組織統治 （２）人権 (3)労働慣行 (4)環境 (5)公正な事業慣行 (6)お客さまへの対応（消費者課題） (7コミュニティへの参画及び発展 | C8: https://www.wacoalholdings.jp/sustainability/policy/
A9: 5 | B9: 環境目標 | C9: https://www.wacoalholdings.jp/sustainability/environment/target/
A10: 6 | B10: 気候変動への対応 | C10: https://www.wacoalholdings.jp/sustainability/environment/activities/
B11: -省エネの取り組み
B12: -気候関連財務情報開示タスクフォース（TCFD）への対応 | C12: https://www.wacoalholdings.jp/sustainability/files/wacoalholdingsTCFD_jp.pdf
A13: 7 | B13: 消費者と地球にやさしい事業活動の推進 | C13: https://www.wacoalholdings.jp/sustainability/environment/efforts/
B14: -廃棄物の削減
B15: -資源・資材の持続可能な利用
B16: -リサイクル
B17: -環境配慮型素材の採用

Sheet E-2
A1: 環境データ | J1: 目次に戻る
A3: E-2 温室効果ガス排出量（スコープ1・2）の推移
A4: 2030年の目標 | D4: 自社排出量（Scope１＆２）2020年３月期比「30％以上削減」（対応するマテリアリティ7*1)
A5: 対象範囲 | B5: 取組み・データ | D5: 2020年3月期 | E5: 2022年3月期 | F5: 2023年3月期 | G5: 2024年3月期 | H5: 2025年3月期 | I5: 2026年3月期
A6: 自社事業所・工場・流通センター（国内） | B6: Scope１ | C6: t-CO2e | D6: 1784.0952 | E6: 1736.0596 | F6: 1701 | G6: 1578 | H6: 1513 | I6: 1439
B7: Scope２（マーケット基準）＊2 | C7: t-CO2e | D7: 4658.0626 | E7: 4368.9332 | F7: 4179 | G7: 4245 | H7: 3987 | I7: 3523
B8: Scope２（ロケーション基準） | C8: t-CO2e | D8: 6140.6319 | E8: 4931.7202 | F8: 4857.3467 | G8: 4468.6297 | H8: 4030.2679 | I8: 3457
B9: 合計＊3 | C9: t-CO2e | D9: =D6+D7 -> 6442.1578 | E9: =E6+E7 -> 6104.9928 | F9: =F6+F7 -> 5880 | G9: =G6+G7 -> 5823 | H9: =H6+H7 -> 5500 | I9: =I6+I7 -> 4962
B10: 対2020年３月期 | D10: ー | E10: =E9/$D$9-1 -> -0.052337276 | F10: =F9/$D$9-1 -> -0.087262347 | G10: =G9/$D$9-1 -> -0.096110314 | H10: =H9/$D$9-1 -> -0.14624879 | I10: =I9/$D$9-1 -> -0.22976118
A11: （対象範囲：自社事業所・工場・流通センター）
A13: 対象範囲 | B13: 取組み・データ | D13: 2020年3月期 | E13: 2022年3月期 | F13: 2023年3月期 | G13: 2024年3月期 | H13: 2025年3月期 | I13: 2026年3月期
A14: 自社工場（海外） | B14: Scope１ | C14: t-CO2e | D14: ー | E14: 1940 | F14: 2719 | G14: 3354 | H14: 3539 | I14: 3541
B15: スコープ２（マーケット基準）＊2 | C15: t-CO2e | D15: ー | E15: 11203 | F15: 11476 | G15: 10040 | H15: 8798 | I15: ―＊4
B16: Scope２（ロケーション基準） | C16: t-CO2e | D16: ー | E16: 11045 | F16: 13087 | G16: 11696 | H16: 10467 | I16: 10767
B17: 合計＊3 | C17: t-CO2e | D17: ー | E17: =E14+E16 -> 12985 | F17: =F14+F16 -> 15806 | G17: =G14+G16 -> 15050 | H17: =H14+H16 -> 14006 | I17: =I14+I16 -> 14308
A20: 対象範囲 | B20: 取組み・データ | D20: 2020年3月期 | E20: 2022年3月期 | F20: 2023年3月期 | G20: 2024年3月期 | H20: 2025年3月期 | I20: 2026年3月期
A21: 連結 | B21: Scope１ | C21: t-CO2e | D21: ー | E21: =E6+E14 -> 3676.0596 | F21: =F6+F14 -> 4420 | G21: =G6+G14 -> 4932 | H21: =H6+H14 -> 5052 | I21: =I6+I14 -> 4980
B22: Scope２ | C22: t-CO2e | D22: ー | E22: =E7+E16 -> 15413.933 | F22: =F7+F16 -> 17266 | G22: =G7+G16 -> 15941 | H22: =H7+H16 -> 14454 | I22: =I7+I16 -> 14290
B23: 合計＊3 | C23: t-CO2e | D23: ー | E23: =E21+E22 -> 19089.993 | F23: =F21+F22 -> 21686 | G23: =G21+G22 -> 20873 | H23: =H21+H22 -> 19506 | I23: =I21+I22 -> 19270
A25: ＊1 対応するマテリアリティ7：環境負荷を低減する事業活動の推進
A26: ＊2 供給元電力会社に関する情報がビル運営会社等から入手できない場合は、当該地域のみなし小売電気事業者の排出係数を適用しています。
A27: ＊3 国内拠点のScope2排出量はマーケット基準、海外拠点のScope2排出量はロケーション基準により算定しています。連結合計はそれぞれの算定値を合算しています。
A28: ＊4 温室効果ガス排出量の算定にあたり、算定の精緻化及びグループ全体での一貫性確保を目的として、排出量算定に係るデータ管理基盤として外部クラウドサービスを導入しております。これに伴い、海外拠点におけるScope２排出量については、同システムに搭載されたロケーション基準の排出係数を用いて算定しております。2025年３月期までは、一部拠点においてマーケット基準の排出係数を用いて算定しておりましたが、データの網羅性および算定手法の統一性の観点から見直しを行ったものです。

Sheet E-3
A1: 環境データ | H1: 目次に戻る
A3: E-3 温室効果ガス排出量（スコープ3） の推移
A4: 2030年の目標 | D4: サプライチェーン排出量（Scope３）2020年３月期比「20％削減」 （対応するマテリアリティ7*1)
A5: 対象範囲 | B5: 取組み・データ | D5: 2020年3月期 | E5: 2024年3月期 | F5: 2025年3月期 | G5: 2026年3月期
A6: ワコール事業（国内） | B6: 1. 購入した製品・サービス | C6: t-CO2e | D6: 151444 | E6: 139847 | F6: 104380 | G6: 84325.7
B7: 2. 資本財 | C7: t-CO2e | D7: 13507 | E7: 5845 | F7: 6185 | G7: 8714.1
B8: 3. 燃料・エネルギー関連の活動 （スコープ１またはスコープ２に含まれないもの） | C8: t-CO2e | D8: 1317 | E8: 1272 | F8: 1235 | G8: 1114.3
B9: 4. 上流の輸送・流通 | C9: t-CO2e | D9: 7036 | E9: 6428 | F9: 6198 | G9: 4984.6
B10: 5. 事業において発生した廃棄物 | C10: t-CO2e | D10: 585 | E10: 268 | F10: 253 | G10: 245.2
B11: 6. 出張 | C11: t-CO2e | D11: 1007 | E11: 791 | F11: 689 | G11: 672.1
B12: 7. 従業員の通勤 | C12: t-CO2e | D12: 2298 | E12: 1840 | F12: 1686 | G12: 1672.4
B13: 8. 上流のリース資産 | C13: t-CO2e | D13: 3313 | E13: 1495 | F13: 1349 | G13: 1190.9
B14: 9. 下流の輸送・流通 （カテゴリ4 上流の輸送・流通で計上） | C14: t-CO2e | D14: - | E14: - | F14: - | G14: -
B15: 10. 販売した製品の加工（対象外） | C15: t-CO2e | D15: - | E15: - | F15: - | G15: -
B16: 11. 販売した製品の使用（対象外） | C16: t-CO2e | D16: - | E16: - | F16: - | G16: -
B17: 12. 販売した製品の使用後処理 | C17: t-CO2e | D17: 4460 | E17: 3512 | F17: 3195 | G17: 3212.2
B18: 13. 下流のリース資産（対象外） | C18: t-CO2e | D18: - | E18: - | F18: - | G18: -
B19: 14. フランチャイズ（対象外） | C19: t-CO2e | D19: - | E19: - | F19: - | G19: -
B20: 15. 投資（対象外） | C20: t-CO2e | D20: - | E20: - | F20: - | G20: -
B21: 合計*2 | C21: t-CO2e | D21: =SUM(D6:D20) -> 184967 | E21: =SUM(E6:E20) -> 161298 | F21: =SUM(F6:F20) -> 125170 | G21: =SUM(G6:G20) -> 106131.5
B22: 対2020年３月期 | D22: ー | E22: =E21/$D$21-1 -> -0.12796337 | F22: =F21/$D$21-1 -> -0.32328469 | G22: =G21/$D$21-1 -> -0.42621387
A23: ＊1 対応するマテリアリティ7：環境負荷を低減する事業活動の推進
A24: ＊2 Scope3排出量については、算定精度の向上を目的として算定方法の見直しを実施しております。カテゴリー1については、従来の産業連関表に基づく推計手法から、株式会社NTTデータが提供する「C-Turtle」の一次データを活用した総排出量配分方式へ変更し、一部の他カテゴリーについても算定方法を見直しております。なお、基準年度については遡及的に再算定を行うとともに、算定方法が異なる期間については比較可能性の観点から開示しておりません。

Sheet E-4
A1: 環境データ | I1: 目次に戻る
A3: E-4 エネルギー使用量の推移
A4: 対象範囲 | B4: 取組み・データ | D4: 2022年3月期 | E4: 2023年3月期 | F4: 2024年3月期 | G4: 2025年3月期 | H4: 2026年3月期
A5: 自社事業所・工場・流通センター（国内） | B5: 都市ガス使用量 | C5: m3 | D5: 677274 | E5: 665303 | F5: 629537 | G5: 637077 | H5: 604972
B6: 揮発油 | C6: L | D6: 24841.79 | E6: 24252.02 | F6: 19080.26 | G6: 15687.02 | H6: 11363.44
B7: 液化石油ガス（LPG） | C7: ㎥ | D7: 3 | E7: 2.6 | F7: 3.2 | G7: 1.7 | H7: 0
B8: 電気使用量 | C8: kWh | D8: 11854787 | E8: 11707043 | F8: 10892351 | G8: 10614780 | H8: 8173190
B9: 再生可能エネルギー調達量 | C9: kWh | D9: 465133 | E9: 515000 | F9: 690000 | G9: 1086960 | H9: 869948
B10: 電気使用量に対する再生可能エネルギーの調達割合 | C10: % | D10: =D9/D8 -> 0.03923588 | E10: =E9/E8 -> 0.043990613 | F10: =F9/F8 -> 0.063347206 | G10: =G9/G8 -> 0.10240061 | H10: =H9/H8 -> 0.10643922

Sheet E-5
A1: 環境データ | I1: 目次に戻る
A3: E-5 水関連データの推移
A4: 対象範囲 | B4: 取組み・データ | D4: 2022年3月期 | E4: 2023年3月期 | F4: 2024年3月期 | G4: 2025年3月期 | H4: 2026年3月期
A5: ワコール事業（国内） | B5: 消費量（取水量） | C5: ㎥ | D5: 120460 | E5: 120027 | F5: 117116 | G5: 102325 | H5: 89102

Sheet E-6
A1: 環境データ | I1: 目次に戻る
A3: E-6 廃棄物量・リサイクル量の推移
A4: 対象範囲 | B4: 取組み・データ | D4: 2022年3月期 | E4: 2023年3月期 | F4: 2024年3月期 | G4: 2025年3月期 | H4: 2026年3月期
A5: 自社事業所・工場・流通センター（国内） | B5: 廃棄物量 | C5: t | D5: 84 | E5: 77 | F5: 82.2285 | G5: 74.7855 | H5: 51.231
B6: リサイクル量 | C6: t | D6: 707 | E6: 762 | F6: 675.6886 | G6: 726.1934 | H6: 505.118
B7: 合計 | C7: t | D7: =D5+D6 -> 791 | E7: 839.0782 | F7: =F5+F6 -> 757.9171 | G7: 800.9789 | H7: 556.349

Sheet E-7
A1: 環境データ | I1: 目次に戻る
A3: E-7 製品廃棄率の推移
A4: 2030年の目標 | D4: 製品廃棄：ゼロ（対応するマテリアリティ7*1)
A5: 対象範囲 | B5: 取組み・データ | D5: 2022年3月期 | E5: 2023年3月期 | F5: 2024年3月期 | G5: 2025年3月期 | H5: 2026年3月期
A6: ㈱ワコール | B6: 製品廃棄率 | C6: % | D6: 1.6 | E6: 1.1 | F6: 0.5 | G6: 7.6*2 | H6: 0.5
A7: ＊1 対応するマテリアリティ7：環境負荷を低減する事業活動の推進
A8: ＊2 特別廃棄を実施（特別廃棄を除くと0.4%）

Sheet E-8
A1: 環境データ | I1: 目次に戻る
A3: E-8 リサイクル素材など温室効果ガス排出量の少ない素材の使用率
A4: 2030年の目標 | D4: 環境配慮型素材の使用比率：30％以上（対応するマテリアリティ7*)
A5: 対象範囲 | B5: 取組み・データ | D5: 2022年3月期 | E5: 2023年3月期 | F5: 2024年3月期 | G5: 2025年3月期 | H5: 2026年3月期
A6: ㈱ワコール | B6: 環境配慮型素材の使用比率 | C6: ％ | D6: 12 | E6: 17 | F6: 17 | G6: 21 | H6: 23
A7: ＊ 対応するマテリアリティ7：環境負荷を低減する事業活動の推進

Sheet E-9
A1: 環境データ | K1: 目次に戻る
A3: E-9 ブラリサイクル活動の推移
A4: 対象範囲 | B4: 取組み・データ | D4: 2008年3月期 （取組み開始） | E4: 2022年3月期 | F4: 2023年3月期 | G4: 2024年3月期 | H4: 2025年3月期 | I4: 2026年3月期 | J4: 累計
A5: ㈱ワコール | B5: 実施店舗数 | C5: 店 | D5: ー | E5: 750 | F5: 800 | G5: 800 | H5: 800 | I5: 740 | J5: ー
B6: ブラジャー枚数＊ | C6: 枚 | D6: 30000 | E6: 257000 | F6: 240000 | G6: 204000 | H6: 188000 | I6: 182000 | J6: 3576200
A7: ＊ 回収重量を基に、1枚100gで換算した数値

Sheet S-1
A1: 社会データ | D1: 目次に戻る
A3: S-1 方針・取組み
B4: 方針・取組み | C4: 出典
A5: 1 | B5: ワコールグループ人権方針 | C5: https://www.wacoalholdings.jp/sustainability/pdf/human_rights_policy.pdf
A6: 2 | B6: 倫理規範 （１）誠実かつ倫理的な業務活動（利益相反行為の取扱いを含む。） （２）人権の尊重 (3)環境との調和 (4)社会との調和（外部への開示と伝達を含む。） (5)法令の遵守および国際行動規範の尊重 | C6: https://www.wacoalholdings.jp/group/files/compliance_ehics.pdf
A7: 3 | B7: 企業倫理・ワコールの行動指針 （１）お客さまとの相互信頼 （２）人権の尊重 (3)環境負荷の低減 (4)法令遵守 (5)公正な取引関係 (6)安全、清潔、快適な職場環境 (7)適正な情報開示 (8)適切な情報の保護と管理 (9)会社資産の保護 (10)反社会的勢力の排除 (11)最後に | C7: https://www.wacoalholdings.jp/group/files/compliance_action.pdf
A8: 4 | B8: CSR 基本方針 （１）組織統治 （２）人権 (3)労働慣行 (4)環境 (5)公正な事業慣行 (6)お客さまへの対応（消費者課題） (7コミュニティへの参画及び発展 | C8: https://www.wacoalholdings.jp/sustainability/policy/
A9: 5 | B9: CSR調達の取り組み | C9: https://www.wacoalholdings.jp/sustainability/csr/
B10: -ワコールグループ CSR 調達ガイドライン | C10: https://www.wacoalholdings.jp/sustainability/pdf/csr_guideline.pdf
A11: 6 | B11: 人的資本の取り組み | C11: https://www.wacoalholdings.jp/sustainability/resource/
A12: 7 | B12: ステークホルダーエンゲージメント | C12: https://www.wacoalholdings.jp/sustainability/talk_with_stockholder/
A13: 8 | B13: お客さまへの対応 | C13: https://www.wacoalholdings.jp/sustainability/customersupport/
B14: -お客さま対応基本方針 | C14: https://www.wacoalholdings.jp/sustainability/files/Basic-Policy-on-Customer-Harassment.pdf
B15: -カスタマーハラスメントに対する基本方針 | C15: https://www.wacoalholdings.jp/sustainability/files/Basic-Policy-on-Customer-Harassment.pdf
A16: 9 | B16: 品質保証活動の基本方針 | C16: https://www.wacoalholdings.jp/sustainability/safety/policy/
B17: -品質保証基本規程 | C17: https://www.wacoalholdings.jp/sustainability/files/E16_200303-1-1.pdf
A18: 10 | B18: 社会貢献活動 | C18: https://www.wacoalholdings.jp/sustainability/contribution/
B19: -世界各地での「ブレストケア」課題への支援 | C19: https://www.wacoalholdings.jp/sustainability/contribution/worldwide/
B20: -教育活動 | C20: https://www.wacoalholdings.jp/sustainability/contribution/education/
B21: -文化活動・スポーツ活動 | C21: https://www.wacoalholdings.jp/sustainability/contribution/culture/

Sheet S-2
A1: 社会データ | C1: 目次に戻る
A3: S-2 CSR調達活動（取組みの変遷）
B4: 取組み・データ
A5: 2017年 | B5: ・東京を拠点とする国際人権NGOから、当時当社子会社であった(株)ルシアンの製造委託先工場における労働環境の問題について指摘を受ける(2017年1月) ・「CSR調達プロジェクト」発足し、調達プロセスにおける社会的責任活動の調査・是正に至るまでを主導(2017年4月) ・グループ共通の調達方法を定めた「ワコールグループCSR調達ガイドライン」を制定(2017年10月)
A6: 2018年 | B6: ・製造委託先の自己評価等によるモニタリングを開始(2018年2月) ・より実効性の高いCSR調達を実現することを目的に、「CSR調達委員会」を設置(2018年4月) ・「ワコール」「ウイング」ブランドの製造委託先工場を公開(2018年5月) ・「ワコール」「ウイング」ブランドの国内委託先工場を対象に、外国人技能実習生受入状況に関する調査を開始(2018年7月) ・(株)ルシアン、(株)ピーチ・ジョンの製造委託先工場を公開(2018年9月)
A7: 2019年 | B7: ・(株)Aiの製造委託先工場を公開(2019年8月) ・「ワコール」「ウイング」ブランド、(株)ルシアン、(株)ピーチ・ジョンの製造委託先工場を更新(2019年8月)
A8: 2020年 | B8: ・自己評価及び製造委託先現地監査の運用手法を改訂(2020年3月) ・「ワコール」ブランドのインナーウェア以外の部門、及び小売事業本部の製造委託先工場リストを公開(2020年10月) ・「ワコール」「ウイング」ブランドのインナーウェアの製造委託先及び(株)ピーチ・ジョン、(株)ルシアン、(株)Aiの製造委託先工場リストを更新(2020年10月)
A9: 2021年 | B9: (株)ワコールのWEB販売事業部、（株）ウンナナクール、ならびに米国ワコール、中国ワコール、ワコールヨーロッパの製造委託先工場リストを公開(2021年10月)
A10: 2022年 | B10: ・新型コロナウイルス感染症の影響による現地監査中止に対する代替策として、リモート監査手法の検証実施(2022年1月) ・当社の要求する監査内容を担保できると評価した外部機関の認証を取得している海外連結子会社の製造委託先工場においては、その認証結果の援用を認可(2022年1月) ・海外連結子会社（香港ワコール、フィリピンワコール、べトナムワコール、ワコールシンガポール、ワコールインディア）及び七彩の衣料品、そのほか（株）ワコールやピーチ・ジョンにおける衣料品以外の製品製造委託先工場を新たに調査対象に追加し、製造委託先工場リストを公開(2022年10月) ・一次委託先を通じて通信販売カタログ用のパジャマの生産を発注していたワコール製品の縫製委託先による技能実習生11名への賃金未払い問題が判明(2022年10月) ・発注元の一社として、賃金未払い問題の発生を非常に重く受け止めるとともに、当該委託先で働いていた技能実習生11名には速やかな救済が必要と判断し、ベトナム⼈の技能実習⽣・留学生の⽀援を行う『日越ともいき支援会』に対して、500万円を寄付(2022年11月)
A11: 2023年 | B11: ・製造委託先工場を対象に自己評価を通じた「CSR調達ガイドライン」に定める内容の遵守状況の確認（継続取引工場は2年に1度、新規取引工場は製品発注までに実施） ・原材料調達先および染色工場への対象範囲拡大に向けて、グループ海外子会社の原材料生産工場子会社と染色工場へのパイロット現地監査を実施(2023年1月) ・監査の合理性と効率性に照らしCSR調達活動の対象先を拡充するため、国内の縫製工場においても、当社の要求する監査内容を担保できると評価し、製造委託先工場監査における外部監査機関の認証結果をもとにした援用監査の対象範囲拡大
A12: 2024年 | B12: ・製造委託先工場を対象に自己評価を通じた「CSR調達ガイドライン」に定める内容の遵守状況の確認（継続取引工場は2年に1度、新規取引工場は製品発注までに実施） ・ワコールブランド、ウイングブランドの主要原材料生産工場及び、主要染色工場に対して、CSR調達活動の対象範囲拡大 ・外国人技能実習生の実態把握と改善策の検討を目的に、全ての受け入れ工場に対し、外国人技能実習生に特化した調査を実施 ・外国人技能実習生に係わる設問を中心に、問題再発防止を目的とした自己評価シートの見直しを実施 ・外国人技能実習生のさらなる実態把握のために、第三者機関を通じた人権インパクトアセスメントを実施(2024年11月)
A13: 2025年 | B13: ・製造委託先工場を対象に自己評価を通じた「CSR調達ガイドライン」に定める内容の遵守状況の確認（継続取引工場は2年に1度、新規取引工場は製品発注までに実施） ・外部グリーバンスメカニズム（人権救済プラットフォーム）の導入に向けて、仕入先へ説明を実施 ・外国人技能実習生受け入れ製造委託先縫製工場を中心に、CSR現地監査を10回実施
A14: 2026年 | B14: ・製造委託先工場を対象に自己評価を通じた「CSR調達ガイドライン」に定める内容の遵守状況の確認（継続取引工場は2年に1度、新規取引工場は製品発注までに実施） ・一般社団法人ビジネスと人権対話救済機構（JaCER）の「対話救済プラットフォーム」の活用を開始(2026年4月)

Sheet S-3
A1: 社会データ | K1: 目次に戻る
A3: S-3 CSR調達活動（製造委託先工場における自己評価のモニタリング結果）
A4: 対象範囲 | B4: 取組み・データ | E4: 2021年3月期 | F4: 2022年3月期 | G4: 2023年3月期 | H4: 2024年3月期 | I4: 2025年3月期 | J4: 2026年3月期
A5: 連結 | B5: レベル5 | C5: 模範となるレベル。 今後も高い水準の維持が望まれる。 | D5: 工場 | E5: 74 | F5: 39 | G5: 105 | H5: 51 | I5: 35 | J5: 127
B6: レベル4 | C6: 総合的には平均以上のレベル。 今後、より高い水準を目指すことが望まれる。 | D6: 工場 | E6: 32 | F6: 16 | G6: 43 | H6: 15 | I6: 14 | J6: 50
B7: レベル3 | C7: 全体的な底上げが期待されるレベル。 | D7: 工場 | E7: 50 | F7: 40 | G7: 58 | H7: 37 | I7: 20 | J7: 69
B8: レベル2 | C8: 全体的な底上げが強く期待されるレベル。 | D8: 工場 | E8: 18 | F8: 2 | G8: 8 | H8: 4 | I8: 0 | J8: 3
B9: レベル1 | C9: ただちに改善を要求する重大な問題 （取引中止レベルの高リスク）が存在する。 | D9: 工場 | E9: 3 | F9: 3 | G9: 5 | H9: 4 | I9: 3 | J9: 1
A10: 自己評価の対象工場数＊ | D10: 工場 | E10: =SUM(E5:E9) -> 177 | F10: =SUM(F5:F9) -> 100 | G10: =SUM(G5:G9) -> 219 | H10: =SUM(H5:H9) -> 111 | I10: =SUM(I5:I9) -> 72 | J10: =SUM(J5:J9) -> 250
A11: ＊ 継続取引工場は、2年に1度「自己評価」を実施
A12: ＊ 新規取引工場は、製品発注までに「自己評価」を実施
A14: モニタリング結果と活動計画
A15: https://www.wacoalholdings.jp/sustainability/csr/monitoringresults/

Sheet S-4
A1: 社会データ | I1: 目次に戻る
A3: S-4 CSR調達活動（現地監査の実施状況）
A4: 2030年の目標 | D4: 原材料メーカー及び染色工場を対象としたCSR調達現地監査の実施（対応するマテリアリティ8*)
A5: 対象範囲 | B5: 取組み・データ | D5: 2022年3月期 | E5: 2023年3月期 | F5: 2024年3月期 | G5: 2025年3月期 | H5: 2026年3月期
A6: 連結 | B6: 原材料メーカー及び染色工場 | C6: 回 | D6: ー | E6: ー | F6: ー | G6: ー | H6: 未実施
A7: ＊ 対応するマテリアリティ8：社会課題を解決する共創イノベーションの推進

Sheet S-5
A1: 社会データ | C1: 目次に戻る
A3: S-5 製造委託先工場／主な原材料仕入先及び染色工場リスト
A4: 取組み・データ | B4: 2026年3月末時点
A5: 「株式会社ワコールホールディングス」の製造委託先工場リスト | B5: https://www.wacoalholdings.jp/sustainability/files/Wacoal-Holdings-Corp.-Partner-Factory-List.pdf
A6: 「ワコールブランド・ウイングブランド」の主な原材料仕入先および染色工場リスト | B6: https://www.wacoalholdings.jp/sustainability/files/List-of-factories-entrusted-with-the-manufacturing-of-products.pdf
A8: 製造委託先工場リスト
A9: https://www.wacoalholdings.jp/sustainability/csr/list/

Sheet S-6
A1: 社会データ | I1: 目次に戻る
A3: S-6 社会貢献活動
A4: 対象範囲 | B4: 取組み・データ | D4: 2022年3月期 | E4: 2023年3月期 | F4: 2024年3月期 | G4: 2025年3月期 | H4: 2026年3月期
A5: ㈱ワコール | B5: 社会貢献活動支出額 | C5: 億円 | D5: 460 | E5: 409 | F5: 460.26245 | G5: 242 | H5: 277
B6: うちピンクリボンキャンペーンチャリティ | C6: 億円 | D6: 4 | E6: 3 | F6: 3 | G6: 3 | H6: 3
A8: 対象範囲 | B8: 取組み・データ | D8: 2022年3月期 | E8: 2023年3月期 | F8: 2024年3月期 | G8: 2025年3月期 | H8: 2026年3月期
A9: ㈱ワコール | B9: 乳がん検診サポート事業 | C9: 検診人数 | D9: 4784 | E9: 4338 | F9: 4237 | G9: 2680 | H9: 2857
C10: 検診日数 | D10: 114 | E10: 106 | F10: 105 | G10: 63 | H10: 78

Sheet S-7
A1: 社会データ | I1: 目次に戻る
A3: S-7 従業員数
A4: 対象範囲 | B4: 取組み・データ | D4: 2022年3月期 | E4: 2023年3月期 | F4: 2024年3月期 | G4: 2025年3月期 | H4: 2026年3月期
A5: ワコール事業（国内） | B5: 正社員数 | C5: 人 | D5: 6885 | E5: 6428 | F5: 5880 | G5: 5109 | H5: 4928
B6: 臨時従業員数 | C6: 人 | D6: 287 | E6: 259 | F6: 201 | G6: 189 | H6: 227
A7: ワコール事業（海外） | B7: 正社員数 | C7: 人 | D7: 10655 | E7: 10937 | F7: 10176 | G7: 9932 | H7: 9274
B8: 臨時従業員数 | C8: 人 | D8: 332 | E8: 115 | F8: 37 | G8: 28 | H8: 29
A9: ピーチ・ジョン事業 | B9: 正社員数 | C9: 人 | D9: 450 | E9: 396 | F9: 402 | G9: 383 | H9: 396
B10: 臨時従業員数 | C10: 人 | D10: 30 | E10: 25 | F10: 30 | G10: 21 | H10: 35
A11: その他 | B11: 正社員数 | C11: 人 | D11: 1727 | E11: 1386 | F11: 950 | G11: 700 | H11: 186
B12: 臨時従業員数 | C12: 人 | D12: 81 | E12: 83 | F12: 80 | G12: 86 | H12: 90
A13: 連結 | B13: 正社員数 | C13: 人 | D13: =SUM(D5,D7,D9,D11) -> 19717 | E13: =SUM(E5,E7,E9,E11) -> 19147 | F13: =SUM(F5,F7,F9,F11) -> 17408 | G13: =SUM(G5,G7,G9,G11) -> 16124 | H13: =SUM(H5,H7,H9,H11) -> 14784
B14: 臨時従業員数 | C14: 人 | D14: =SUM(D6,D8,D10,D12) -> 730 | E14: =SUM(E6,E8,E10,E12) -> 482 | F14: =SUM(F6,F8,F10,F12) -> 348 | G14: =SUM(G6,G8,G10,G12) -> 324 | H14: =SUM(H6,H8,H10,H12) -> 381
B15: 合計 | C15: 人 | D15: =SUM(D13:D14) -> 20447 | E15: =SUM(E13:E14) -> 19629 | F15: =SUM(F13:F14) -> 17756 | G15: =SUM(G13:G14) -> 16448 | H15: =SUM(H13:H14) -> 15165
A16: ＊ 各期３月31日時点
A17: ＊ 従業員数は就業人員（当社グループからグループ外への出向者を除き、グループ外から当社グループへの出向者を含む。）
A18: ＊ 臨時従業員にはアルバイト・パートタイマー等の３ヶ月程度の雇用者を含む
A19: ＊ 2026年3月期における、その他の従業員数が前連結会計年度末に比べ514名減少したのは、主に㈱ルシアン株式の譲渡により同社を連結の範囲から除外したことによるもの

Sheet S-8
A1: 社会データ | J1: 目次に戻る
A3: S-8 従業員の概要
A4: 対象範囲 | B4: 取組み・データ | E4: 2022年3月期 | F4: 2023年3月期 | G4: 2024年3月期 | H4: 2025年3月期 | I4: 2026年3月期
A5: (株)ワコールホールディングス | B5: 従業員数 | C5: 正社員 | D5: 人 | E5: 90 | F5: 112 | G5: 98 | H5: 89 | I5: 103
C6: 臨時従業員 | D6: 人 | E6: 0 | F6: 0 | G6: 0 | H6: 0 | I6: 0
B7: 平均年齢 | D7: 歳 | E7: 46 | F7: 45.8 | G7: 46 | H7: 44.6 | I7: 45.7
B8: 平均勤続年数 | D8: 年 | E8: 19.8 | F8: 19.5 | G8: 19.2 | H8: 17 | I8: 18
B9: 平均年間給与 | D9: 円 | E9: 5543536 | F9: 5949297 | G9: 5762700 | H9: 5983168 | I9: 6204157
B10: 平均年間給与の対前事業年度増減率 | D10: % | E10: ー | F10: ー | G10: ー | H10: ー | I10: 3.7
A11: (株)ワコール | B11: 従業員数 | C11: 正社員 | D11: 人 | E11: ー | F11: ー | G11: ー | H11: ー | I11: 3336
C12: 臨時従業員 | D12: 人 | E12: ー | F12: ー | G12: ー | H12: ー | I12: 68
B13: 平均年齢 | D13: 歳 | E13: 43.6 | F13: 44.36 | G13: 44.98 | H13: 44.9 | I13: 45.5
B14: 平均勤続年数 | D14: 年 | E14: 15.6 | F14: 16.04 | G14: 16.43 | H14: 16.7 | I14: 16.8
B15: 平均年間給与 | D15: 円 | E15: ー | F15: ー | G15: ー | H15: ー | I15: 4129365
B16: 平均年間給与の対前事業年度増減率 | D16: % | E16: ー | F16: ー | G16: ー | H16: ー | I16: 1.6
A17: ＊ 各期３月31日時点
A18: ＊ 従業員数は就業人員（当社から社外への出向者を除き、社外から当社への出向者を含む）。
A19: ＊ 平均年間給与は、賞与及び基準外賃金を含む。

Sheet S-9
A1: 社会データ | I1: 目次に戻る
A3: S-9 管理職に占める女性労働者の割合
A4: 対象範囲 | D4: 2022年3月期 | E4: 2023年3月期 | F4: 2024年3月期 | G4: 2025年3月期 | H4: 2026年3月期
A5: ㈱ワコールホールディングス | C5: % | D5: ー | E5: 17.8 | F5: 27.6 | G5: 32 | H5: 32
A6: ㈱ワコール | C6: % | D6: ー | E6: 27.6 | F6: 32.2 | G6: 38.6 | H6: 41.6
A7: ㈱ピーチ・ジョン | C7: % | D7: ー | E7: ー | F7: 68.1 | G7: 82.6 | H7: 87.5
A8: ㈱ワコールマニュファクチャリングジャパン | C8: % | D8: ー | E8: 0 | F8: 0 | G8: 0 | H8: 20
A9: ㈱トリーカ | C9: % | D9: ー | E9: 16 | F9: 20 | G9: 22.7 | H9: 24
A10: ワコール流通㈱ | C10: % | D10: ー | E10: ー | F10: 0 | G10: 0 | H10: 11.1
A11: ㈱ワコールキャリアサービス | C11: % | D11: ー | E11: 31 | F11: 33.3 | G11: 33.3 | H11: 33.3
A12: ㈱ワコールアートセンター | C12: % | D12: ー | E12: ー | F12: 57.1 | G12: 44.4 | H12: 33.3
A13: ㈱Ai | C13: % | D13: ー | E13: ー | F13: 55.6 | G13: 77.6 | H13: 87.7
A14: ㈱ウンナナクール | C14: % | D14: ー | E14: ー | F14: ー | G14: ー | H14: 0
A15: ㈱ランジェノエル | C15: % | D15: ー | E15: ー | F15: ー | G15: ー | H15: 50
A16: ワコールサービス㈱ | C16: % | D16: ー | E16: ー | F16: ー | G16: ー | H16: 0
A17: ワコールアイネクスト㈱ | C17: % | D17: ー | E17: ー | F17: ー | G17: ー | H17: 50
A18: ＊ 各期３月31日時点
A19: ＊ 「女性の職業生活における活躍の推進に関する法律」（平成27年法律第64号）の規定に基づき算出
A20: ＊ ㈱ワコールは、女性活躍推進法による公表数値に合わせるため、㈱ワコールホールディングスを含めた数値を開示

Sheet S-10
A1: 社会データ | H1: 目次に戻る
A3: S-10 管理職（部長級以上）に占める女性労働者の割合
A4: 目標 | C4: 2029年3月期中に管理職（部長級以上）に占める女性割合：30％以上
A5: 対象範囲 | C5: 2022年3月期 | D5: 2023年3月期 | E5: 2024年3月期 | F5: 2025年3月期 | G5: 2026年3月期
A6: ㈱ワコール | B6: % | C6: ー | D6: ー | E6: ー | F6: 17.5 | G6: 18.8
A7: ＊ 各期３月31日時点
A8: ＊ 「女性の職業生活における活躍の推進に関する法律」（平成27年法律第64号）の規定に基づき算出
A9: ＊ ㈱ワコールは、女性活躍推進法による公表数値に合わせるため、㈱ワコールホールディングスを含めた数値を開示

Sheet S-11
A1: 社会データ | P1: 目次に戻る
A3: S-11 労働者の男女の賃金の額の差異
A4: 対象範囲 | D4: 2023年3月期 | G4: 2024年3月期 | J4: 2025年3月期 | M4: 2026年3月期
D5: 全労働者 | E5: 正規雇用労働者 | F5: パート・有期労働者 | G5: 全労働者 | H5: 正規雇用労働者 | I5: パート・有期労働者 | J5: 全労働者 | K5: 正規雇用労働者 | L5: パート・有期労働者 | M5: 全労働者 | N5: 正規雇用労働者 | O5: パート・有期労働者
A6: ㈱ワコールホールディングス | C6: % | D6: 57.1 | E6: 60 | F6: 58.1 | G6: 59.4 | H6: 62.1 | I6: 61.9 | J6: 62.2 | K6: 61.5 | L6: 65 | M6: 59.4 | N6: 57.4 | O6: 66.8
A7: ㈱ワコール | C7: % | D7: 52.8 | E7: 52.9 | F7: 62.9 | G7: 49.2 | H7: 50 | I7: 60.2 | J7: 49.1 | K7: 49.9 | L7: 52.7 | M7: 49.7 | N7: 50 | O7: 58.9
A8: ㈱ピーチ・ジョン | C8: % | D8: 49.8 | E8: 63.8 | F8: － | G8: 24.4 | H8: 53.7 | I8: － | J8: 40.1 | K8: 64.5 | L8: － | M8: 36 | N8: 73.5 | O8: －
A9: ㈱ワコールマニュファクチャリングジャパン | C9: % | D9: 77.1 | E9: 75.4 | F9: 98.6 | G9: 76.9 | H9: 74.9 | I9: 97.9 | J9: 92.1 | K9: 92.7 | L9: 88.9 | M9: 73.7 | N9: 77 | O9: 51.5
A10: ㈱トリーカ | C10: % | D10: 58.6 | E10: 55.7 | F10: 72.8 | G10: 60.1 | H10: 58.2 | I10: 91.9 | J10: 52.1 | K10: 54.3 | L10: 86.2 | M10: 55.8 | N10: 59.7 | O10: 94.7
A11: ワコール流通㈱ | C11: % | D11: 46.9 | E11: 82.5 | F11: 74 | G11: 47.3 | H11: 81.4 | I11: 88.7 | J11: 48.7 | K11: 80.7 | L11: 84 | M11: 49.7 | N11: 81.9 | O11: 71.2
A12: ㈱ワコールキャリアサービス | C12: % | D12: － | E12: － | F12: － | G12: 84.6 | H12: 88.2 | I12: － | J12: 82 | K12: 94 | L12: 72 | M12: 76.2 | N12: 82.1 | O12: －
A13: ㈱ワコールアートセンター | C13: % | D13: － | E13: － | F13: － | G13: 54.1 | H13: 54.8 | I13: － | J13: 46.7 | K13: 56.4 | L13: － | M13: 56.2 | N13: 70.6 | O13: －
A14: ㈱Ai | C14: % | D14: － | E14: － | F14: － | G14: 52.2 | H14: 75.1 | I14: 67.1 | J14: 50.8 | K14: 81.6 | L14: 29.3 | M14: 55.3 | N14: 83.2 | O14: 40
A15: ㈱ウンナナクール | C15: % | D15: － | E15: － | F15: － | G15: － | H15: － | I15: － | J15: － | K15: － | L15: － | M15: 30.1 | N15: 34 | O15: －
A16: ㈱ランジェノエル | C16: % | D16: － | E16: － | F16: － | G16: － | H16: － | I16: － | J16: － | K16: － | L16: － | M16: 25.4 | N16: 30 | O16: －
A17: ワコールサービス㈱ | C17: % | D17: － | E17: － | F17: － | G17: － | H17: － | I17: － | J17: － | K17: － | L17: － | M17: 58.2 | N17: 50.7 | O17: 76
A18: ワコールアイネクスト㈱ | C18: % | D18: － | E18: － | F18: － | G18: － | H18: － | I18: － | J18: － | K18: － | L18: － | M18: 114.9 | N18: 67.9 | O18: 117.2
A19: ＊ 各期３月31日時点
A20: ＊ 「女性の職業生活における活躍の推進に関する法律」（平成27年法律第64号）の規定に基づき算出
A21: ＊ パート・有期労働者は、契約社員と定年後再雇用者
A22: ＊ ㈱ワコールは、女性活躍推進法による公表数値に合わせるため、㈱ワコールホールディングスを含めた数値を開示

Sheet S-12
A1: 社会データ | O1: 目次に戻る
A3: S-12 正規雇用労働者のうち「管理職」、「総合職」、「販売職」の「労働者の男女の賃金の差異」
A4: 対象範囲 | C4: 2023年3月期 | F4: 2024年3月期 | I4: 2025年3月期 | L4: 2026年3月期
C5: 管理職 | D5: 総合職 | E5: 販売職 | F5: 管理職 | G5: 総合職 | H5: 販売職 | I5: 管理職 | J5: 総合職 | K5: 販売職 | L5: 管理職 | M5: 総合職 | N5: 販売職
A6: ㈱ワコール | B6: % | C6: 91.5 | D6: 79.2 | E6: － | F6: 93.2 | G6: 70 | H6: － | I6: 90 | J6: 72.7 | K6: － | L6: 90.9 | M6: 67.2 | N6: －
A7: （注釈・説明） 同一役割における男女間の賃金差は設けておらず、この差異の主な要因は以下の３点です。 ・管理職に占める男性比率が約70％であること。 ・近年は新卒・総合職採用において女性比率が上昇し、入社10年以下では65％が女性であること。 ・女性は65％が販売職、男性は86％が総合職であり、職種による賃金水準の差が影響している。 これらの構造的課題の解決に向け、特に総合職採用（新卒・経験者）においてジェンダーバランスを意識しつつ、これまで以上に能力やパフォーマンスに基づく登用、任用を行い、マネジメント・リーダー層の多様性を実現していきます。 対象期間 2025年 4月 1日 ～ 2026年 3月 31日
A8: ＊ 各期３月31日時点
A9: ＊ 「女性の職業生活における活躍の推進に関する法律」（平成27年法律第64号）の規定に基づき算出
A10: ＊ ㈱ワコールは、女性活躍推進法による公表数値に合わせるため、㈱ワコールホールディングスを含めた数値を開示
A11: ＊ 販売職については、男性がいないため「－」

Sheet S-13
A1: 社会データ | K1: 目次に戻る
A3: S-13 採用状況
A4: 目標 | F4: 事業開発コース（総合職）採用者数のうち、３～５割を経験者採用にする
A5: 対象範囲 | C5: 取組み・データ | F5: 2022年3月期 | G5: 2023年3月期 | H5: 2024年3月期 | I5: 2025年3月期 | J5: 2026年3月期
A6: ㈱ワコール | B6: 事業開発コース (総合職) | C6: 経験者採用者数 | D6: 男性 | E6: 人 | F6: 1 | G6: 4 | H6: 1 | I6: 8 | J6: =19+0+0 -> 19
D7: 女性 | E7: 人 | F7: 1 | G7: 6 | H7: 15 | I7: 8 | J7: 16
D8: 合計 | E8: 人 | F8: =SUM(F6:F7) -> 2 | G8: =SUM(G6:G7) -> 10 | H8: =SUM(H6:H7) -> 16 | I8: =SUM(I6:I7) -> 16 | J8: =SUM(J6:J7) -> 35
C9: 新卒採用者数 | D9: 男性 | E9: 人 | F9: 7 | G9: 6 | H9: 2 | I9: 6 | J9: =4 -> 4
D10: 女性 | E10: 人 | F10: 16 | G10: 10 | H10: 10 | I10: 12 | J10: 8
D11: 合計 | E11: 人 | F11: =SUM(F9:F10) -> 23 | G11: =SUM(G9:G10) -> 16 | H11: =SUM(H9:H10) -> 12 | I11: =SUM(I9:I10) -> 18 | J11: =SUM(J9:J10) -> 12
B12: 経験者採用比率 | E12: % | F12: =F8/(F11+F8)*100 -> 8 | G12: =G8/(G11+G8)*100 -> 38.461538 | H12: =H8/(H11+H8)*100 -> 57.142857 | I12: =I8/(I11+I8)*100 -> 47.058824 | J12: =J8/(J11+J8)*100 -> 74.468085
B13: 販売コース | C13: 経験者採用者数 | D13: 男性 | E13: 人 | F13: ー | G13: 0 | H13: 0 | I13: 0 | J13: 0
D14: 女性 | E14: 人 | F14: ー | G14: 6 | H14: 14 | I14: 58 | J14: 92
D15: 合計 | E15: 人 | F15: ー | G15: =SUM(G13:G14) -> 6 | H15: =SUM(H13:H14) -> 14 | I15: =SUM(I13:I14) -> 58 | J15: =SUM(J13:J14) -> 92
C16: 新卒採用者数 | D16: 男性 | E16: 人 | F16: ー | G16: 0 | H16: 0 | I16: 0 | J16: 0
D17: 女性 | E17: 人 | F17: ー | G17: 16 | H17: 14 | I17: 19 | J17: 24
D18: 合計 | E18: 人 | F18: ー | G18: =SUM(G16:G17) -> 16 | H18: =SUM(H16:H17) -> 14 | I18: =SUM(I16:I17) -> 19 | J18: =SUM(J16:J17) -> 24
B19: 経験者採用比率 | E19: % | F19: ー | G19: =G15/(G18+G15)*100 -> 27.272727 | H19: =H15/(H18+H15)*100 -> 50 | I19: =I15/(I18+I15)*100 -> 75.324675 | J19: =J15/(J18+J15)*100 -> 79.310345
B20: 商品開発コース （クリエイター職・ 技術・研究職） | C20: 経験者採用者数 | D20: 男性 | E20: 人 | F20: ー | G20: 0 | H20: 0 | I20: 0 | J20: 0
D21: 女性 | E21: 人 | F21: ー | G21: 0 | H21: 0 | I21: 0 | J21: 0
D22: 合計 | E22: 人 | F22: ー | G22: =SUM(G20:G21) -> 0 | H22: =SUM(H20:H21) -> 0 | I22: =SUM(I20:I21) -> 0 | J22: =SUM(J20:J21) -> 0
C23: 新卒採用者数 | D23: 男性 | E23: 人 | F23: ー | G23: 0 | H23: 0 | I23: 0 | J23: 0
D24: 女性 | E24: 人 | F24: ー | G24: 0 | H24: 0 | I24: 4 | J24: 10
D25: 合計 | E25: 人 | F25: ー | G25: =SUM(G23:G24) -> 0 | H25: =SUM(H23:H24) -> 0 | I25: =SUM(I23:I24) -> 4 | J25: =SUM(J23:J24) -> 10
B26: 経験者採用比率 | E26: % | F26: ー | G26: 0 | H26: 0 | I26: =I22/(I25+I22)*100 -> 0 | J26: =J22/(J25+J22)*100 -> 0
A27: ＊ 各期３月31日時点

Sheet S-14
A1: 社会データ | J1: 目次に戻る
A3: S-14 障がい者の雇用状況
A4: 目標 | D4: 2026年3月期 法定雇用率2.5％
A5: 対象範囲 | B5: 取組み・データ | D5: 2022年3月期 | E5: 2023年3月期 | F5: 2024年3月期 | G5: 2025年3月期 | H5: 2026年3月期 | I5: 2027年3月期
A6: 国内グループ | B6: 障がい者雇用率 | C6: ％ | D6: 2.43 | E6: 2.51 | F6: 2.46 | G6: 2.64 | H6: 2.84 | I6: 2.78
A7: ＊ 各期６月1日時点
A8: ＊ 障害者雇用促進法の関係会社特例によるグループ適用会社：(株)ワコールホールディングス、(株)ワコール、(株)Ai、(株)ピーチ・ジョン、(株)ウンナナクール、(株)ランジェノエル、ワコールマニュファクチャリングジャパン(株)、ワコール流通(株)、(株)ワコールキャリアサービス、ワコールアイネクスト(株)

Sheet S-15
A1: 社会データ | J1: 目次に戻る
A3: S-15 再雇用状況
A4: 対象範囲 | B4: 取組み・データ | E4: 2022年3月期 | F4: 2023年3月期 | G4: 2024年3月期 | H4: 2025年3月期 | I4: 2026年3月期
A5: ㈱ワコール | B5: 定年後 再雇用者数 | C5: 女性 | D5: 人 | E5: 232 | F5: 257 | G5: 274 | H5: 293 | I5: 294
C6: 男性 | D6: 人 | E6: 80 | F6: 68 | G6: 46 | H6: 40 | I6: 24
C7: 合計 | D7: 人 | E7: =SUM(E5:E6) -> 312 | F7: =SUM(F5:F6) -> 325 | G7: =SUM(G5:G6) -> 320 | H7: =SUM(H5:H6) -> 333 | I7: =SUM(I5:I6) -> 318
A8: ＊ 各期4月1日時点
A9: ＊ グループの事業主体である中核事業会社をベースとし、持株会社および中核事業会社からグループ会社へ出向している従業員を含む人事管理対象者
A10: ＊ 正社員・販売正社員

Sheet S-16
A1: 社会データ | I1: 目次に戻る
A3: S-16 退職の状況
A4: 対象範囲 | D4: 2022年3月期 | E4: 2023年3月期 | F4: 2024年3月期 | G4: 2025年3月期 | H4: 2026年3月期
A5: ㈱ワコール | B5: 退職者数 | C5: 人 | D5: 138 | E5: 367 | F5: 228 | G5: 350 | H5: 188
A6: ＊ 各期３月31日時点
A7: ＊ グループの事業主体である中核事業会社をベースとし、持株会社および中核事業会社からグループ会社へ出向している従業員を含む人事管理対象者
A8: ＊ 正社員・販売正社員（定年退職を除く）
A9: ＊ 2023年3月期：フレックス定年制度特別運用を実施（応募155名）
A10: ＊ 2025年3月期：構造改革に伴う希望退職募集（応募215名）

Sheet S-17
A1: 社会データ | I1: 目次に戻る
A3: S-17 就業制度の利用状況
A4: 対象範囲 | B4: 取組み・データ | D4: 2022年3月期 | E4: 2023年3月期 | F4: 2024年3月期 | G4: 2025年3月期 | H4: 2026年3月期
A5: ㈱ワコール | B5: 年間総労働時間 | C5: 時間 | D5: ー | E5: ー | F5: ー | G5: 1665.4 | H5: 1666.2
B6: 月間総労働時間 | C6: 時間 | D6: 144.32 | E6: 146.1 | F6: 147.1 | G6: =G5/12 -> 138.78333 | H6: =H5/12 -> 138.85
B7: 月間平均残業時間＊1 | C7: 時間 | D7: 4.15 | E7: 5.68 | F7: 5.2 | G7: 5.5 | H7: 5.4
B8: 平均年次有給休暇取得率＊2 | C8: % | D8: 89.6 | E8: 90.5 | F8: 90.2 | G8: 85.7 | H8: 84.3
B9: 有給休暇取得率7割超の従業員割合 | C9: % | D9: 73.3 | E9: 73.7 | F9: 72.2 | G9: 71 | H9: 67.2
B10: 自己啓発長期休職制度利用者数 | C10: 人 | D10: 3 | E10: 5 | F10: 10 | G10: 11 | H10: 12
B11: 配偶者帯同休職制度利用者数 | C11: 人
B12: 副業制度利用者数 | C12: 人 | D12: 40 | E12: 38 | F12: 30 | G12: 29 | H12: 73
B13: ボランティア休暇制度利用者数 | C13: 人 | D13: 0 | E13: 0 | F13: 0 | G13: 0 | H13: 0
A14: ＊1 正社員・販売正社員・契約社員（マネージャー層除く）
A15: ＊2 全従業員の有給休暇利用日数/全従業員の有給休暇付与日数
A17: 長時間労働是正のための取組内容
A18: 1.残業の事前申告制度 2.PCのログイン記録など、入退社時刻を正確に記録するシステムの導入 3.業務繁閑に対応した休業日の設定 4.連続休暇取得の奨励 5.半日単位での年次有給休暇の取得 6.年次有給休暇取得率の目標設定 7.フレックスタイム制導入※2023年4月～、コアタイムのないスーパーフレックスを導入、フレキシブルタイムの延長を開始 8.テレワーク制度導入
A20: 労働者の職業生活と家庭生活の両立に資する社内制度の概要
A21: 1.テレワークの実施（2018年4月～） 2.社外での「自己啓発活動による長期休職」及び「パートナーの転勤等の帯同に伴う休職」を認める制度を導入（2018年9月～） 3.多様なキャリアを築くことを支援する「副業制度」を導入（2019年4月～） 4.多様なライフスタイルにより沿った働き方・休み方を支援するため、介護休暇・看護休暇の適用範囲外の家族への利用、本人の傷病、生理による体調不良、不妊治療、通院、終末期医療への付き添い等に使用できる「パーソナル休暇」を導入（2020年9月～） 5.勤務地の限定されない総合職に対し、育児、介護事由により、勤務地を限定することができる制度を開始（2021年10月～） 6.より柔軟な働きかたができるコアタイムのないスーパーフレックスを導入、フレキシブルタイムの延長を開始 （2023年4月～）

Sheet S-18
A1: 社会データ | K1: 目次に戻る
A3: S-18 育児・看護・介護に関する就業制度の利用状況
A4: 対象範囲 | B4: 取組み・データ | F4: 2022年3月期 | G4: 2023年3月期 | H4: 2024年3月期 | I4: 2025年3月期 | J4: 2026年3月期
A5: ㈱ワコール | B5: 出産 | C5: 産前産後休暇取得者数 | D5: 人 | E5: 合計 | F5: 138 | G5: 108 | H5: 111 | I5: 110 | J5: 98
B6: 育児 | C6: 育児休業制度利用者数 | D6: 人 | E6: 女性 | F6: 138 | G6: 107 | H6: 111 | I6: 110 | J6: 98
D7: 人 | E7: 男性 | F7: 10 | G7: 7 | H7: 10 | I7: 10 | J7: 5
D8: 人 | E8: 合計 | F8: =SUM(F6:F7) -> 148 | G8: =SUM(G6:G7) -> 114 | H8: =SUM(H6:H7) -> 121 | I8: =SUM(I6:I7) -> 120 | J8: =SUM(J6:J7) -> 103
C9: 育児休業制度取得者率 | D9: % | E9: 女性 | F9: 100 | G9: 99.1 | H9: 100 | I9: 100 | J9: 100
D10: % | E10: 男性 | F10: 56.5 | G10: 38.9 | H10: 66.7 | I10: 66.7 | J10: 63.6
D11: % | E11: 合計 | F11: ー | G11: ー | H11: 96 | I11: 88 | J11: 94.4
C12: 育児休業からの復職率 | D12: % | E12: 合計 | F12: 79.1 | G12: 100 | H12: 88.7 | I12: 89.5 | J12: 100
C13: 育児短時間勤務制度利用者数 | D13: 人 | E13: 合計 | F13: 459 | G13: 477 | H13: 454 | I13: 363 | J13: 384
C14: 育児フレックス勤務制度利用者数 | D14: 人 | E14: 合計 | F14: 97 | G14: 99 | H14: 94 | I14: 98 | J14: 84
B15: 介護 | C15: 介護休業制度利用者数 | D15: 人 | E15: 合計 | F15: 10 | G15: 18 | H15: 9 | I15: 5 | J15: 8
C16: 介護短時間勤務制度利用者数 | D16: 人 | E16: 合計 | F16: 10 | G16: 17 | H16: 7 | I16: 8 | J16: 8
C17: 介護フレックス勤務制度利用者 | D17: 人 | E17: 合計 | F17: 3 | G17: 2 | H17: 1 | I17: 0 | J17: 0
A18: ＊ 「育児休業、介護休業等育児又は家族介護を行う労働者の福祉に関する法律」（平成３年法律第76号）の規定に基づき、「育児休業、介護休業等育児又は家族介護を行う労働者の福祉に関する法律施行規則」（平成３年労働省令第25号）第71条の６第１号における育児休業等の取得割合を算出
A20: 育児をしながらも活躍できる制度の拡充
A21: 1.育児休業：子が満２歳まで延長取得可能 2.育児短時間勤務：全ての日において短時間勤務を行う固定短時間勤務に加え、業務の繁閑や従業員の事情に応じて選択的に短時間勤務を行う選択短時間勤務が選択可能。子が小学校4年生の学年末に達するまで取得可能 3.育児フレックスタイム勤務：子が小学校4年生の学年末に達するまで取得可能 4.育児超過勤務免除：子が小学校4年生の学年末に達するまで取得可能 5.時間外労働の制限、深夜業の免除：子が小学校4年生の学年末に達するまで取得可能 6.看護休暇：子が小学校4年生の学年末に達するまで取得でき、給与は有給で30分単位で取得可能 7.パーソナル休暇：従業員本人及び本人の家族の傷病、育児、介護、治療等を理由に年間6日、半日単位で取得可能 8.配偶者帯同休職制度：配偶者の転勤を理由とした休職制度 9.半日単位での取得が可能な有給休暇 10.在宅勤務：仕事の内容や 業務特性に合わせ、出勤とリモートワークの組み合わせが可能 11.勤務地限定制度：勤務地を限定しない総合職が、子が小学校3年生の学年末に達するまでの間、育児を理由に勤務地を限定し勤務することが可能。 12.スーパーフレックス（コアタイムのないフレックス）の導入およびフレキシブルタイムの延長
A23: 介護をしながらも活躍できる制度の拡充
A24: 1.介護休業：介護を必要とする者１人につき通算365日まで３回に分けてで取得可能。他の制度と通算せず、介護休業単独で365日まで取得可能。 2.介護短時間勤務：１日２時間（30分単位）利用開始から３年の間可能。取得回数に制限はない。育児短時間と同様、固定短時間勤務と選択短時間勤務が選択可能。 3.介護フレックスタイム勤務：介護終了まで取得可能。 4.超過勤務免除：介護終了まで利用可能。 5.介護休暇：当該家族が1人の場合は年間5日・2人以上の場合は年間10日、30分単位で取得可能。 6.時間外労働の制限、深夜業の免除：介護期間中、利用可能 7.パーソナル休暇：従業員本人及び本人の家族の傷病、育児、介護、治療等を理由に年間6日、半日単位で取得可能 8.配偶者帯同休職制度：配偶者の転勤を理由とした休職制度 9.半日単位での取得が可能な有給休暇 10.在宅勤務：仕事の内容や 業務特性に合わせ、出勤とリモートワークの組み合わせが可能 11.勤務地限定制度：勤務地を限定しない総合職が、介護を理由に勤務地を限定し勤務することが可能 12.スーパーフレックス（コアタイムのないフレックス）の導入およびフレキシブルタイムの延長

Sheet S-19
A1: 社会データ | I1: 目次に戻る
A3: S-19 男性労働者の育児休業取得率
A4: 対象範囲 | D4: 2022年3月期 | E4: 2023年3月期 | F4: 2024年3月期 | G4: 2025年3月期 | H4: 2026年3月期
A5: ㈱ワコールホールディングス | C5: % | D5: ー | E5: 100 | F5: 50 | G5: ー | H5: ー
A6: ㈱ワコール | C6: % | D6: ー | E6: 38.9 | F6: 66.7 | G6: 66.7 | H6: 63.6
A7: ㈱ピーチ・ジョン | C7: % | D7: ー | E7: ー | F7: ー | G7: ー | H7: ー
A8: ㈱ワコールマニュファクチャリ ングジャパン | C8: % | D8: ー | E8: ー | F8: 2.3 | G8: 0.1 | H8: 0
A9: ㈱トリーカ | C9: % | D9: ー | E9: ー | F9: 0 | G9: 0 | H9: 0
A10: ワコール流通㈱ | C10: % | D10: ー | E10: ー | F10: ー | G10: ー | H10: ー
A11: ㈱ワコールキャリアサービス | C11: % | D11: ー | E11: ー | F11: 0 | G11: 0 | H11: 0
A12: ㈱ワコールアートセンター | C12: % | D12: ー | E12: ー | F12: ー | G12: ー | H12: ー
A13: ㈱Ai | C13: % | D13: ー | E13: ー | F13: ー | G13: ー | H13: ー
A14: ㈱ウンナナクール | C14: % | D14: ー | E14: ー | F14: ー | G14: ー | H14: ー
A15: ㈱ランジェノエル | C15: % | D15: ー | E15: ー | F15: ー | G15: ー | H15: ー
A16: ワコールサービス㈱ | C16: % | D16: ー | E16: ー | F16: ー | G16: ー | H16: ー
A17: ワコールアイネクスト㈱ | C17: % | D17: ー | E17: ー | F17: ー | G17: ー | H17: ー
A18: ＊ 各期３月31日時点
A19: ＊ 「育児休業、介護休業等育児又は家族介護を行う労働者の福祉に関する法律」（平成３年法律第76号）の規定に基づき、「育児休業、介護休業等育児又は家族介護を行う労働者の福祉に関する法律施行規則」（平成３年労働省令第25号）第71条の６第１号における育児休業等の取得割合を算出
A21: ＊ 男性の育児休業取得対象者がいない会社については、「－」
A22: ＊ ㈱ワコールは、女性活躍推進法による公表数値に合わせるため、㈱ワコールホールディングスを含めた数値を開示

Sheet S-20
A1: 社会データ | I1: 目次に戻る
A3: S-20 従業員の健康に関するデータ
A4: 2030年の目標 | D4: ①疾病による総休業日数（アブセンティーズムの改善）：20,000日以下（対応するマテリアリティ6) ②生活習慣改善に関する行動変容の意志ありの割合：80％以上（対応するマテリアリティ6)
A5: 対象範囲 | B5: 取組み・データ | D5: 2022年3月期 | E5: 2023年3月期 | F5: 2024年3月期 | G5: 2025年3月期 | H5: 2026年3月期
A6: ㈱ワコール | B6: 疾病による総休業日数 （アブセンティーズムの改善） | C6: 日 | D6: 26157 | E6: 38380 | F6: 25318 | G6: 28736 | H6: 27368
B7: 生活習慣改善に関する行動変容の意志ありの割合 | C7: % | D7: - | E7: - | F7: - | G7: 71.1 | H7: 70.8
B8: メンタルヘルス不調に伴う休職者数 | C8: 人 | D8: 82 | E8: 87 | F8: 87 | G8: 78 | H8: 75
A9: ＊ 対応するマテリアリティ6：継続的な従業員の健康増進と健康意識の向上
A10: ＊ ワコール健康保険組合の被保険者(正社員・販売正社員・契約社員)
A11: ＊ アブセンティズム測定方法：一週間以上の要休職診断書より総休業日数を集計
A12: ＊ メンタルヘルス不調に伴う休職者数：1カ月以上の休職を対象、同一従業員が年度内に複数回休職した場合は1人にて算出

Sheet S-21
A1: 社会データ | E1: 目次に戻る
A3: S-21 従業員エンゲージメント調査
A4: 対象範囲 | B4: 指標 | C4: 2030年の目標 | D4: 2026年3月期
A5: ㈱ワコール | B5: エンゲージメントスコア（成長の機会）＊1 | C5: ポジティブ回答率50％以上 | D5: 0.294
B6: エンゲージメントスコア（協力体制）*2 | C6: ポジティブ回答率80％以上 | D6: 0.669
B7: エンゲージメントスコア（ビジョンへの共感）*2 | C7: ポジティブ回答率80％以上 | D7: 0.665
B8: エンゲージメントスコア（心理的安全性） | C8: ポジティブ回答率70％以上 | D8: 0.51
A9: ＊１対応するマテリアリティ4：自らの可能性を広げ、自信と誇りを持ち活躍できる人財への成長
A10: ＊2対応するマテリアリティ5：共創・協業による高い成果を発揮できる組織づくり

Sheet S-22
A1: 社会データ | J1: 目次に戻る
A3: S-22 従業員の成長支援（育成）
A4: 対象範囲 | B4: 人財育成プログラム＊1 | D4: 対象者 | E4: 一人当たりの 研修時間 | F4: 年間参加人数(人) | I4: 研修転移率(%)
F5: 24/3期 | G5: 25/3期 | H5: 26/3期
A6: ㈱ワコール | B6: 階層別研修 | D6: 内勤社員 | E6: １～６日 （研修による） | F6: 530 | G6: 349 | H6: 729 | I6: ―
B7: ビジネススキル | D7: 内勤社員 | E7: １日～半年*2 | F7: 94 | G7: 35 | H7: 230 | I7: ―
B8: 部門別マスタリー プログラム | D8: 内勤社員 | E8: ７時間～ | F8: 1515 | G8: 1390 | H8: 252 | I8: ―
B9: セルフラーニング | C9: 自己啓発援助制度 | D9: 内勤社員 | E9: ― | F9: 244 | G9: 38 | H9: 24 | I9: ―
C10: 通信教育・Ｅラーニング | D10: 内勤社員 | E10: ― | F10: 935 | G10: 470 | H10: 737 | I10: ―
B11: 昇格時研修 | D11: 外勤社員 | E11: ６時間～ | F11: 149 | G11: 75 | H11: 79 | I11: 60
B12: 役割任命時研修 | D12: 外勤社員 | E12: ６時間～ | F12: 47 | G12: 78 | H12: 48 | I12: 65
B13: シーズンビジネストレーニング | D13: 外勤社員 | E13: ６時間～ | F13: 1292 | G13: 830 | H13: 1682 | I13: ―
B14: スタンダードトレーニング | D14: 外勤社員 | E14: ６時間～ | F14: 574 | G14: 550 | H14: 727 | I14: 55
B15: 接客強化塾 | D15: 外勤社員 | E15: 45分 | F15: ― | G15: ― | H15: 1142 | I15: ―
A16: ＊1 2025年７月の制度変更に伴い、一部プログラムを再編成しています。
A17: ＊2 24/3期及び25/3期は7.5時間
A19: 各プログラムの詳細
A20: 1.階層別研修：役割・資格の変化に伴う、期待役割の認識及びマインドセットを目的に実施します。同時に会社の方向性と自身のキャリアビジョンを考える機会とします。 2.ビジネススキル：ビジネスパーソンとして求められる必須スキルを、社内のみならず社外人財との交流を通して学ぶことで、社内外で通用する普遍的なビジネススキルを体得できます。 3.部門別マスタリープログラム：ワコールにおける社内ナレッジの共有、知識伝承、組織開発等を目的に社内外の講師による研修・セミナーを開催します。 4.セルフラーニング：Eラーニングを活用した「いつでも、どこでも」学べるコンテンツ提供と主体的な能力開発・自己研鑽を支援する制度があります。 5.昇格時研修：各等級への期待値や役割行動を理解すると同時に、経営理念の浸透を図り、必要なマインドやスキルを習得することで、組織全体のパフォーマンス向上と円滑なチーム運営につなげます。また、昇格を機会に自身のキャリアについて考える機会としています。 6.役割任命時研修：役割任用者（スーパーバイザーや店長等）としての店舗管理、人財育成に関する責任を理解し、人財育成に関わるマインドセットを行い、効率的な業務志向と組織目標の達成を支援します。 7.シーズンビジネストレーニング：販売チャネルごとのシーズン戦略や商品知識の理解、接客シミュレーションを通して接客手法を学び、LTVの最大化を目指します。 8.スタンダードトレーニング：接客の基本を身に付けた中堅クラスのスタッフを対象とし、ブランドイメージを体現する接客（会話力、提案力）を習得し、更なる顧客満足度向上と売上拡大を目指します。 9.接客強化塾：タブレット端末を活用した人財育成の一つとして、事業所から離れたメンバーにもリアルタイムでお客さまへの接客販売スキルの向上や新たに取り組みの理解浸透に取り組んでいます。

Sheet S-23
A1: 社会データ | I1: 目次に戻る
A3: S-23 従業員の成長支援（キャリア形成）
A4: 対象範囲 | B4: 取組み・データ | D4: 2022年3月期 | E4: 2023年3月期 | F4: 2024年3月期 | G4: 2025年3月期 | H4: 2026年3月期
A5: ㈱ワコール | B5: ジョブチャレンジ制度 | C5: 人 | D5: 15 | E5: 18 | F5: 25 | G5: 11 | H5: 20
B6: 社内公募制度 | C6: 人
B7: 社外キャリアチャレンジ | C7: 人 | D7: 19 | E7: 38 | F7: 42 | G7: 31 | H7: 26
B8: 副業制度 | C8: 人 | D8: ='S-17'!D12 -> 40 | E8: ='S-17'!E12 -> 38 | F8: ='S-17'!F12 -> 30 | G8: ='S-17'!G12 -> 29 | H8: ='S-17'!H12 -> 73
B9: 長期休暇制度 | C9: 人 | D9: {='S-17'!D10:D11} -> 3 | E9: {='S-17'!E10:E11} -> 5 | F9: {='S-17'!F10:F11} -> 10 | G9: {='S-17'!G10:G11} -> 11 | H9: {='S-17'!H10:H11} -> 12
D10: 0 | E10: 0 | F10: 0 | G10: 0 | H10: 0
A11: 各制度の詳細
A12: 1.ジョブチャレンジ制度：自らの意思と意欲を前提に自己異動希望を示す者に、ジョブローテーションの機会を支援し、組織全体の活性化につなげる。 2.社内公募制度：組織自らが求める人財を得ることで部門の強化を図り、社内組織全体を活性化につなげる。 3.社外キャリアチャレンジ：変化の激しい時代において、社外での就業経験を通して多様な視点や価値観を取り入れ、知識のアップデート、リスキルを行うことで、適応力やレジリエンスを高めることにつなげる。 4.副業制度：１．社外での活動に携わる中で、自身のスキル・能力・専門性を高め、本業での発揮能力を高める。２．今後のキャリアを見据えたうえで、社外ネットワークの構築及び新たな知見、スキルを獲得する。３．自分の趣味や興味のあることに取り組み、更なる収入を得ることで多様なライフの充実を実現する。 5.長期休暇制度：「自己啓発・自己開発を目的とした場合」と「配偶者が転勤、または遠隔地に居住する者と婚姻した後」において、一定期間の休職を認めることにより、就業継続を支援する。

Sheet S-24
A1: 社会データ | I1: 目次に戻る
A3: S-24 人権教育の状況
A4: 2030年の目標 | D4: 人権デュー・ディリジェンスの着実な推進を目指した人権教育の受講率：100%（対応するマテリアリティ8)
A5: 対象範囲 | B5: 取組み・データ | D5: 2022年3月期 | E5: 2023年3月期 | F5: 2024年3月期 | G5: 2025年3月期 | H5: 2026年3月期
A6: ㈱ワコール | B6: 受講率 | C6: ％ | D6: ー | E6: ー | F6: ー | G6: ー | H6: 98.7
A7: ＊ 対応するマテリアリティ8：社会課題を解決する共創イノベーションの推進
A8: ＊ 受講率取得対象範囲：(株)ワコール及びグループ会社出向の従業員
A9: ＊ 実施回数：年間1回

Sheet S-25
A1: 社会データ | G1: 目次に戻る
A3: S-25 顧客データ
A4: 2030年の目標 | D4: ワコールメンバーズアクティブ会員数：260万人（構成比45%） （対応するマテリアリティ1)
A5: 対象範囲 | B5: 取組み・データ | D5: 2024年3月期 | E5: 2025年3月期 | F5: 2026年3月期
A6: ㈱ワコール | B6: ワコールメンバーズアクティブ会員数 | C6: 人 | D6: 220 | E6: 220 | F6: 220
B7: 構成比 | C7: % | D7: 37 | E7: 38 | F7: 40
A8: ＊ 対応するマテリアリティ1：パーソナライゼーションの追求による顧客体験価値の向上
A9: ＊ アクティブ会員数：1年以内に購買がある顧客数

Sheet S-26
A1: 社会データ | E1: 目次に戻る
A3: S-２6 人体計測データ
A4: 対象範囲 | B4: 取組み・データ | D4: 2026年3月期
A5: ㈱ワコール 人間科学研究開発センター | B5: 人体計測データ | C5: 人 | D5: 女性約45,000以上
B6: 継続計測データ （同一人物・5年ごと） | C6: 人 | D6: 約1,000
B7: 研究で使用可能なレベル | C7: 人 | D7: 約270,000
B8: 3次元計測により計測する座標値 | C8: 点 | D8: 約50,000

Sheet S-27
A1: 社会データ | E1: 目次に戻る
A3: S-27 品質データ
A4: 2030年の目標 | D4: モノづくり関連部門の品質活動実施率100％の維持及び品質啓蒙活動の継続実施（対応するマテリアリティ3)
A5: 対象範囲 | B5: 取組み・データ | D5: 2026年3月期
A6: ㈱ワコール | B6: 品質保証審議会 | C6: 回 | D6: 4
B7: 品質管理委員会 | C7: 回 | D7: 65
B8: 品質月間 | C8: 回 | D8: 1
B9: 品質活動実施率 | C9: % | D9: 100
A10: ＊ 対応するマテリアリティ3：商品品質の深化とサービス品質の構築

Sheet S-28
A1: 社会データ | G1: 目次に戻る
A3: S-28 お客様の声データ
A4: 対象範囲 | B4: 取組み・データ | D4: 2024年3月期 | E4: 2025年3月期 | F4: 2026年3月期
A5: ㈱ワコール | B5: 商品に関する内容 | C5: % | D5: 84.1 | E5: 45.5 | F5: 83.7
B6: 販売員に関する内容 | C6: % | D6: 12.8 | E6: 8.4 | F6: 13.4
B7: 売場に関する内容 | C7: % | D7: 1.7 | E7: 0.9 | F7: 1.5
B8: 会社に関する内容 | C8: % | D8: 0.8 | E8: 44.8 | F8: 1
B9: 宣伝・販促に関する内容 | C9: % | D9: 0.1 | E9: 0.2 | F9: 0.2
B10: 会員に関する内容 | C10: % | D10: 0.2 | E10: 0.1 | F10: 0.2
B11: その他 | C11: % | D11: 0.2 | E11: 0.1 | F11: 0.2
B12: お申し出件数 | C12: 件 | D12: 約2,200 | E12: 約3,400 | F12: 約2,000

Sheet G-1
A1: ガバナンスデータ | D1: 目次に戻る
A3: G-1 方針・取組み
B4: 方針・取組み | C4: 出典
A5: =ROW()-4 -> 1 | B5: 「国連グローバル・コンパクト」に署名 | C5: https://www.wacoalholdings.jp/sustainability/policy/
A6: =ROW()-4 -> 2 | B6: コーポレート・ガバナンス | C6: https://www.wacoalholdings.jp/group/governance/
B7: コーポレート・ガバナンス ガイドライン | C7: https://www.wacoalholdings.jp/group/files/governance_guideline.pdf
B8: コーポレート・ガバナンスに関する報告書 | C8: https://www.wacoalholdings.jp/group/files/governance_report.pdf
B9: 役員の選解任基準 | C9: https://www.wacoalholdings.jp/group/files/criteria_for_election_of_officers.pdf
B10: 社外役員の独立性基準 | C10: https://www.wacoalholdings.jp/group/files/governance_outsidedirectors.pdf
B11: 政策保有株式に関する方針 | C11: https://www.wacoalholdings.jp/group/governance/stock/
B12: 議決権の行使基準 | C12: https://www.wacoalholdings.jp/group/governance/stock/
A13: 3 | B13: リスクマネジメント | C13: https://www.wacoalholdings.jp/sustainability/risk_management/
B14: -事業継続計画（BCP） | C14: https://www.wacoalholdings.jp/sustainability/risk_management/bcp/
A15: 4 | B15: -情報セキュリティ基本方針 | C15: https://www.wacoalholdings.jp/securitypolicy/
A16: 5 | B16: -個人情報保護方針 | C16: https://www.wacoalholdings.jp/privacy/
A17: 6 | B17: -買収防衛策 | C17: なし
A18: 7 | B18: コンプライアンス | C18: https://www.wacoalholdings.jp/group/compliance/
A19: 8 | B19: -倫理規範 （１）誠実かつ倫理的な業務活動（利益相反行為の取扱いを含む。） （２）人権の尊重 （３）環境との調和 （４）社会との調和（外部への開示と伝達を含む。） （５）法令の遵守および国際行動規範の尊重 | C19: https://www.wacoalholdings.jp/group/files/compliance_ehics.pdf
A20: 9 | B20: -企業倫理・行動指針 （１）お客さまとの相互信頼 （２）人権の尊重 (3)環境負荷の低減 (4)法令遵守 (5)公正な取引関係 (6)安全、清潔、快適な職場環境 (7)適正な情報開示 (8)適切な情報の保護と管理 (9)会社資産の保護 (10)反社会的勢力の排除 (11)最後に | C20: https://www.wacoalholdings.jp/group/files/compliance_action.pdf
A21: 10 | B21: -公正な取引・競争 | C21: https://www.wacoalholdings.jp/sustainability/risk_management/fair_trade/
A22: 11 | B22: -税務行動指針 | C22: https://www.wacoalholdings.jp/group/files/tax_code_of_conduct.pdf

Sheet G-2
A1: ガバナンスデータ | D1: 目次に戻る
A3: G-2 コーポレート・ガバナンス（取組みの変遷）
C4: 取組み・データ
A5: 1977年 | B5: ADR（米国預託証券）発行* | C5: 日本企業としては8番目にADRを発行。発行に察しては、米国証券取引委員会（SEC）から連結決算書の作成をはじめ、米国会計基準での会計報告が求められる。
A6: 2002年 | B6: 執行役員制度の導入と取締役数の減員 → 取締役数：13名 → 9名 | C6: 権限の委譲と責任体制の明確化を図り、適正かつ効率的な体制の構築を目指し2002年6月に執行役員制度を導入、同時に取締役を減員。
A7: 2005年 | B7: 純粋持株会社へ移行 | C7: グループ全体の戦略的な意思決定や最適な資源配分を効果的に行い、傘下の事業会社の責任と権限を明確にして機動的な業務執行を行うため、持株会社体制へ移行。
B8: 社外役員の増員 | C8: 取締役会と監査役会の一層の公正性、独立性を目指し、社外取締役2名、社外監査役1名を増員。
A9: 2007年 | B9: 役員人事報酬諮問委員会を設置 → 委員会の員数：4名（社外取締役含む） | C9: 取締役や執行役員に対する指名・昇格・報酬については、管理担当取締役を委員長として社外取締役をメンバーに含む役員人事報酬諮問委員会を設置。
A10: 2010年 | B10: 全社外役員を独立役員として届出 → 独立役員としての届出：6名 | C10: 社外取締役と社外監査役の全役員について、東京証券取引所に対し独立役員としての届けを行う。
A11: 2015年 | B11: 独立社外役員会議を設置 | C11: コーポレート・ガバナンスや取締役会の運営改善に関する議論、内部監査等の情報共有を図る独立社外役員をメンバーとする独立社外役員会議を設置。
A12: 2018年 | B12: 役員指名諮問委員会 及び役員報酬諮問委員会を設置 | C12: 2007年に設置した役員人事報酬諮問委員会を変更。
A13: 2021年 | B13: 譲渡制限付株式報酬制度の導入 | C13: 取締役（社外取締役を除く）に、株価変動のリスクを株主の皆さまと共有し、株価上昇及び企業価値向上への貢献意欲を従来以上に高めるため、株式報酬型ストックオプションを廃止し、新たに譲渡制限付株式報酬制度を導入。
A14: 2022年 | B14: 基本報酬および株式報酬の比率を変更 | C14: 役員報酬は「基本報酬」「業績賞与」「譲渡制限付株式報酬」によって構成。「基本報酬」「譲渡制限付株式報酬」の比率を見直し、上位者ほど株式報酬の割合が高い構成に変更。
A15: 2024年 | B15: 業績連動型譲渡制限付株式報酬の導入 | C15: 取締役（社外取締役を除く）に対して、報酬と会社業績及び当社の株式価値との連動性をより明確化し、当社の企業価値向上への貢献意欲を従来以上に高めるため、業績連動型譲渡制限株式報酬制度を導入。
A16: * 2013年には米国NASDAQ市場におけるADRの上場を廃止、同時にSECの登録も廃止。
A18: コーポレート・ガバナンスの実効性強化の取り組み
A19: https://www.wacoalholdings.jp/group/governance/initiative/

Sheet G-3
A1: ガバナンスデータ | J1: 目次に戻る
A3: G-3 社外役員比率
A4: 2030年の目標 | E4: 社外役員比率：50％以上（対応するマテリアリティ9)
A5: 対象範囲 | B5: 取組み・データ | E5: 2022年3月期 | F5: 2023年3月期 | G5: 2024年3月期 | H5: 2025年3月期 | I5: 2026年3月期
A6: ㈱ワコールホールディングス | B6: 社内 | C6: 取締役 | D6: 人 | E6: 4 | F6: 2 | G6: 3 | H6: 3 | I6: 3
C7: 監査役 | D7: 人 | E7: 2 | F7: 2 | G7: 2 | H7: 2 | I7: 2
B8: 合計 | E8: =SUM(E6:E7) -> 6 | F8: =SUM(F6:F7) -> 4 | G8: =SUM(G6:G7) -> 5 | H8: =SUM(H6:H7) -> 5 | I8: =SUM(I6:I7) -> 5
B9: 社外役員 | C9: 取締役 | D9: 人 | E9: 3 | F9: 5 | G9: 5 | H9: 5 | I9: 5
C10: 監査役 | D10: 人 | E10: 3 | F10: 3 | G10: 3 | H10: 3 | I10: 3
B11: 合計 | E11: =SUM(E9:E10) -> 6 | F11: =SUM(F9:F10) -> 8 | G11: =SUM(G9:G10) -> 8 | H11: =SUM(H9:H10) -> 8 | I11: =SUM(I9:I10) -> 8
B12: 社外役員比率 | D12: % | E12: =E11/(E8+E11) -> 0.5 | F12: =F11/(F8+F11) -> 0.66666667 | G12: =G11/(G8+G11) -> 0.61538462 | H12: =H11/(H8+H11) -> 0.61538462 | I12: =I11/(I8+I11) -> 0.61538462
A13: ＊ 各期有価証券報告書発行時点
A14: ＊ 対応するマテリアリティ9：透明性の高い経営の実践

Sheet G-4
A1: ガバナンスデータ | L1: 目次に戻る
A3: G-4 取締役会及び任意の委員会の活動状況 | K3: 2026/6/30現在
A4: 役職 | B4: 氏名 | C4: 性別 | D4: 取締役会 | F4: 役員指名諮問委員会 | H4: 役員報酬諮問委員会 | J4: グループ戦略委員会
E5: 開催・出席状況 | G5: 開催・出席状況 | I5: 開催・出席状況 | K5: 開催・出席状況
A6: 代表取締役 社長執行役員 | B6: 矢島昌明 | C6: 男性 | D6: ◎ | E6: 100％ 19/19回 | F6: ○ | G6: 89％ ８/9回 | H6: ― | I6: ― | J6: ◎ | K6: 100％ 23/23回
A7: 取締役 執行役員 | B7: 川西啓介 | C7: 男性 | D7: ○ | E7: 100％ 19/19回 | F7: ― | G7: ― | H7: ― | I7: ― | J7: ○ | K7: 100％ 23/23回
A8: 取締役 執行役員 | B8: 新任廣岡勝也 | C8: 男性 | D8: ― | E8: ― | F8: ― | G8: ― | H8: ― | I8: ― | J8: ○ | K8: 100％ 23/23回
A9: 社外取締役 | B9: 岩井恒彦 | C9: 男性 | D9: ○ | E9: 100％ 19/19回 | F9: ◎ | G9: 100％ 9/9回 | H9: ◎ | I9: 100％ 7/7回 | J9: ○ | K9: 100％ 23/23回
A10: 社外取締役 | B10: 山内千鶴 | C10: 女性 | D10: ○ | E10: 100％ 19/19回 | F10: ○ | G10: 100％ 9/9回 | H10: ○ | I10: 100％ 7/7回 | J10: ○ | K10: 100％ 23/23回
A11: 社外取締役 | B11: 佐藤久恵 | C11: 女性 | D11: ○ | E11: 100％ 19/19回 | F11: ○ | G11: 100％ 9/9回 | H11: ○ | I11: 100％ 7/7回 | J11: ○ | K11: 100％ 23/23回
A12: 社外取締役 | B12: 日戸興史 | C12: 男性 | D12: ○ | E12: 100％ 19/19回 | F12: ○ | G12: 100％ 9/9回 | H12: ○ | I12: 100％ 7/7回 | J12: ○ | K12: 100％ 23/23回
A13: 社外取締役 | B13: 原田哲郎 | C13: 男性 | D13: ○ | E13: 100％ 19/19回 | F13: ○ | G13: 100％ 9/9回 | H13: ○ | I13: 100％ 7/7回 | J13: ○ | K13: 100％ 23/23回
A14: 常勤監査役 | B14: 北川真一 | C14: 男性 | D14: □ | E14: 100％ 19/19回 | F14: ― | G14: ― | H14: ― | I14: ― | J14: △ | K14: ―
A15: 常勤監査役 | B15: 岡本克弘 | C15: 男性 | D15: □ | E15: 100％ 19/19回 | F15: ― | G15: ― | H15: ― | I15: ― | J15: △ | K15: ―
A16: 社外監査役 | B16: 鈴木人司 | C16: 男性 | D16: □ | E16: 100％ 19/19回 | F16: △ | G16: ― | H16: △ | I16: ― | J16: △ | K16: ―
A17: 社外監査役 | B17: 田中素子 | C17: 女性 | D17: □ | E17: 100％ 19/19回 | F17: ― | G17: ― | H17: ― | I17: ― | J17: △ | K17: ―
A18: 社外監査役 | B18: 志甫治宜 | C18: 男性 | D18: □ | E18: 100％ 19/19回 | F18: ― | G18: ― | H18: ― | I18: ― | J18: △ | K18: ―
A19: （◎：議長又は委員長、○：構成員、□：出席者、△：オブザーバー）
A21: 取締役会、役員指名諮問委員会、役員報酬諮問委員会、及びグループ戦略委員会の活動状況
A22: https://www.wacoalholdings.jp/group/files/executive_remuneration_system.pdf

Sheet G-5
A1: ガバナンスデータ | F1: 目次に戻る
A3: G-5 監査役会の活動状況 | E3: 2026/6/30現在
A4: 役職 | B4: 氏名 | C4: 性別 | D4: 監査役会
E5: 開催・出席状況
A6: 常勤監査役 | B6: 北川真一 | C6: 男性 | D6: □ | E6: 100％ 18/18回
A7: 常勤監査役 | B7: 岡本克弘 | C7: 男性 | D7: □ | E7: 100％ 18/18回
A8: 社外監査役 | B8: 鈴木人司 | C8: 男性 | D8: □ | E8: 100％ 18/18回
A9: 社外監査役 | B9: 田中素子 | C9: 女性 | D9: □ | E9: 100％ 18/18回
A10: 社外監査役 | B10: 志甫治宜 | C10: 男性 | D10: □ | E10: 100％ 18/18回
A11: （◎：議長又は委員長、○：構成員、□：出席者、△：オブザーバー）

Sheet G-6
A1: ガバナンスデータ | H1: 目次に戻る
A3: G-6 役員報酬 | G3: 2026年３月期
A4: 役員区分 | B4: 報酬等の総額 （百万円） | C4: 報酬等の種類別の総額（百万円） | G4: 対象となる 役員の員数 （人）
C5: 固定報酬 | D5: 業績連動報酬 | E5: 株式報酬 | F5: 左記のうち、 非金銭報酬等
A6: 取締役（社外取締役を除く） | B6: 183 | C6: 136 | D6: ― | E6: 47 | F6: 47 | G6: 3
A7: 監査役（社外監査役を除く） | B7: 41 | C7: 41 | D7: ― | E7: ― | F7: ― | G7: 2
A8: 社外役員 | B8: 77 | C8: 77 | D8: ― | E8: ― | F8: ― | G8: 9
A9: （注）
A10: １．なお、当事業年度末現在の取締役は３名、監査役は２名、社外役員は８名であります。上記の社外役員の員数と相違しておりますのは、
A11: 2025年６月25日開催の第77期定時株主総会終結の時をもって退任した社外役員１名が含まれているためであります。
A12: ２．取締役（社外取締役を除く。）に対する報酬等の総額には、連結子会社からの役員報酬を含めております。
A13: ３．取締役（社外取締役を除く。）に対する非金銭報酬等の総額の内訳は、株式報酬47百万円であります。
A15: 役員報酬制度
A16: https://www.wacoalholdings.jp/group/governance/reward/

Sheet G-7
A1: ガバナンスデータ | H1: 目次に戻る
A3: G-7 政策保有株式の銘柄数及び貸借対照表計上額
A4: 対象範囲 | B4: 取組み・データ | C4: 2022年3月期 | D4: 2023年3月期 | E4: 2024年3月期 | F4: 2025年3月期 | G4: 2026年3月期
A5: ㈱ワコール | B5: 銘柄数 | C5: 65 | D5: 60 | E5: 50 | F5: 45 | G5: 41
B6: 貸借対照表計上額（百万円） | C6: 46000 | D6: 43944 | E6: 47541 | F6: 35588 | G6: 41067
B7: 連結純資産額に対する比率 | C7: 0.203 | D7: 0.206 | E7: 0.221 | F7: 0.183 | G7: 0.193
A8: ※2022年３月期は米国会計基準を、2023年３月期以降は指定国際会計基準（IFRS）を適用しております。
A10: https://www.wacoalholdings.jp/group/governance/stock/

Sheet G-8
A1: ガバナンスデータ | I1: 目次に戻る
A3: G-8 ROIC
A4: 2030年の目標 | D4: ROICの達成：6.5％以上（対応するマテリアリティ11)
A5: 対象範囲 | B5: 取組み・データ | D5: 2022年3月期 | E5: 2023年3月期 | F5: 2024年3月期 | G5: 2025年3月期 | H5: 2026年3月期
A6: 連結 | B6: ROIC | C6: ％ | D6: ー | E6: ー | F6: ー | G6: 3 | H6: 5.9
A7: ＊ 対応するマテリアリティ11：収益性、資本効率の継続的改善

Sheet G-9
A1: ガバナンスデータ | I1: 目次に戻る
A3: G-9 事業利益率
A4: 2030年の目標 | D4: 事業利益率の達成：6.0％（対応するマテリアリティ11)
A5: 対象範囲 | B5: 取組み・データ | D5: 2022年3月期 | E5: 2023年3月期 | F5: 2024年3月期 | G5: 2025年3月期 | H5: 2026年3月期
A6: 連結 | B6: 事業利益率 | C6: ％ | D6: ー | E6: 2.2 | F6: 1.9 | G6: -2 | H6: -0.3
A7: ＊ 対応するマテリアリティ11：収益性、資本効率の継続的改善

Sheet G-10
A1: ガバナンスデータ | E1: 目次に戻る
A3: G-10 従業員向けコンプライアンス研修
A4: 2030年の目標 | D4: e-ラーニング受講率：100％ （対応するマテリアリティ10)
A5: 対象範囲 | B5: 取組み・データ | D5: 2026年3月期
A6: 国内グループ | B6: e-ラーニング受講率 | C6: ％ | D6: 97.8
A7: ＊ 対応するマテリアリティ10：リスクマネジメント体制の強化
A8: ＊ 受講率取得対象範囲：（株）ワコール、グループ出向者及び国内グループ会社出向の内勤従業員
A9: ＊ 実施回数：年間1回

Sheet G-11
A1: ガバナンスデータ | G1: 目次に戻る
A3: G-11 従業員向けホットライン相談件数
A4: 対象範囲 | B4: 取組み・データ | D4: 2024年3月期 | E4: 2025年3月期 | F4: 2026年3月期
A5: 連結 | B5: ハラスメントの相談 | C5: 件数 | D5: 4 | E5: 12 | F5: 11
B6: 違法・違反・不正行為の相談 | C6: 件数 | D6: 1 | E6: 1 | F6: 2
B7: その他問合せ・相談 | C7: 件数 | D7: 8 | E7: 5 | F7: 8
B8: 合計 | C8: 件数 | D8: =SUM(D5,D6,D7) -> 13 | E8: =SUM(E5,E6,E7) -> 18 | F8: =SUM(F5,F6,F7) -> 21
A9: ＊ 社内窓口、社外窓口、子会社窓口、海外外部窓口において、問合せや相談を受けた件数
A10: ＊ 不受理については、匿名で詳細が確認できず調査ができないもの、問合せ・相談・意見が多くを占める

Sheet G-12
A1: ガバナンスデータ | J1: 目次に戻る
A3: G-12 知的財産権保有件数
A4: 対象範囲 | B4: 取組み・データ | E4: 2022年3月期 | F4: 2023年3月期 | G4: 2024年3月期 | H4: 2025年3月期 | I4: 2026年3月期
A5: ㈱ワコール | B5: 特許 | C5: 国内 | D5: 件 | E5: 158 | F5: 131 | G5: 133 | H5: 123 | I5: 117
C6: 海外 | D6: 件 | E6: 38 | F6: 35 | G6: 25 | H6: 29 | I6: 31
B7: 意匠 | C7: 国内 | D7: 件 | E7: 289 | F7: 269 | G7: 265 | H7: 258 | I7: 254
C8: 海外 | D8: 件 | E8: 69 | F8: 59 | G8: 53 | H8: 40 | I8: 38
B9: 商標 | C9: 国内 | D9: 件 | E9: 1497 | F9: 1550 | G9: 1648 | H9: 1612 | I9: 1626
C10: 海外 | D10: 件 | E10: 813 | F10: 850 | G10: 914 | H10: 898 | I10: 915
A11: ＊ 各期３月31日時点
